Workbook
Name __ITT3: #REF!
Name __lob2: #REF!
Name __SPA3: #REF!
Name _Hlk26272835: #REF!
Name _ITT3: #REF!
Name _lob2: #REF!
Name _msoanchor_2: #REF!
Name _SPA3: #REF!
Name aa: #REF!
Name ACC_CHK: #REF!
Name AccountList: #REF!
Name ActivityTypeNew: #REF!
Name Actual: #REF!
Name actualscenario: #REF!
Name ActualYTD4: #REF!
Name add: #REF!
Name add_admin: #REF!
Name add_comm: #REF!
Name add_dctl: #REF!
Name add_ease: #REF!
Name add_hvdc: #REF!
Name add_subs: #REF!
Name add_tlan: #REF!
Name add_tran: #REF!
Name adj_admin: #REF!
Name adj_comm: #REF!
Name adj_dctl: #REF!
Name adj_ease: #REF!
Name adj_hvdc: #REF!
Name adj_subs: #REF!
Name adj_tlan: #REF!
Name adj_tran: #REF!
Name AdjustmentFactor: #REF!
Name admin: #REF!
Name admin_add: #REF!
Name admin1: #REF!
Name ADMINDEP: #REF!
Name ADMN: #REF!
Name ADMN_DEP: #REF!
Name admn_depret: #REF!
Name admn_deptrf: #REF!
Name ADMN_NBV: #REF!
Name admn_ret: #REF!
Name admn_trf: #REF!
Name admn2: #REF!
Name ADMN3: #REF!
Name admnnbv: #REF!
Name ADMNRET: #REF!
Name ADMNTRF: #REF!
Name AllMetals_4YrAvg: #REF!
Name Allocation_Sheet: #REF!
Name Aluminium_4YrAvg: #REF!
Name AMP_FY20_FY21: #REF!
Name AMPCat: #REF!
Name AMT_400KV: #REF!
Name Answer1: OFFSET(#REF!,0,0,SUM(#REF!),1)
Name ASS_CUBE: #REF!
Name AssetBaseIIInclude: #REF!
Name AssetBaseIInclude: #REF!
Name ATTR_CC_DESC: #REF!

Sheet Cover
B10: Regulatory disclosure of the Annual Compliance Statement as required by
B13: Part 5 of the Transpower Individual Price-Quality Path Determination 2025 ("IPP")
B16: for the period
B17: =TEXT(DATE(YEAR('Directors Certificate'!K3)-1,7,1),"d mmmm yyyy")&" to "&TEXT('Directors Certificate'!K3,"d mmmm yyyy") -> 1 July 2025 to 30 June 2026
D19: ="Published on: "&TEXT('Directors Certificate'!E6,"d mmmm yyyy") -> Published on: 23 October 2026

Sheet Directors Certificate
B2: The Annual Compliance Statement IPP determination 2025, Part 5, clause 25.2.1, clause 25.2.5 and clause 25.2.6 and Directors Certificate
J3: Disclosure Year: | K3: =DATE(YEAR(E6),6,30) -> 46203
B4: IPP reference: 25.2.1 The annual compliance statement must state whether or not Transpower has complied with the following:
C6: Preparation date: | E6: 46318
B8: Transpower has complied with | E8: Yes/No | G8: IPP reference
B10: - the quality standards in clause 14.1.1 | E10: Yes | G10: Transpower IPP determination 2025, Part 5, clause 25.2.1(a)
B11: - the quality standards in clause 14.1.2 | E11: Not applicable | G11: Transpower IPP determination 2025, Part 5, clause 25.2.1(a)
B12: - the quality standards in clause 16.1.1 | E12: Yes | G12: Transpower IPP determination 2025, Part 5, clause 25.2.1(a)
B13: - the quality standards in clause 16.1.2 | E13: Not applicable | G13: Transpower IPP determination 2025, Part 5, clause 25.2.1(a)
B14: - the quality standards in clause 18.1 (incl. 2 to 4) | E14: Yes | G14: Transpower IPP determination 2025, Part 5, clause 25.2.1(a)
B15: - the quality standards in clause 19.1 | E15: Yes | G15: Transpower IPP determination 2025, Part 5, clause 25.2.1(a)
B16: - the quality standards in clause 22.1.1 | E16: Not applicable | G16: Transpower IPP determination 2025, Part 5, clause 25.2.1(a)
B17: - the quality standards in clause 22.1.2 | E17: Not applicable | G17: Transpower IPP determination 2025, Part 5, clause 25.2.1(a)
B18: - the quality standards in clause 22.2.1 | E18: Not applicable | G18: Transpower IPP determination 2025, Part 5, clause 25.2.1(a)
B19: - the quality standards in clause 22.2.2 | E19: Not applicable | G19: Transpower IPP determination 2025, Part 5, clause 25.2.1(a)
B21: - the requirement to publicly disclose, in accordance with the ID determination, its annual grid output adjustment calculation for the disclosure year, including the values for ‘m’ calculated in accordance with Schedule B, clause B2(1) of the Capex IM | E21: Yes | G21: Transpower IPP determination 2025, Part 5, clause 25.2.1(b)
... B25: - requirements related to wash-up calculations and public disclosure | E25: Yes | G25: Transpower IPP determination 2025, Part 5, clause 25.2.1(d)
B29: TRANSPOWER NEW ZEALAND LIMITED Individual Price-Quality Path (IPP) Annual Compliance Statement 1 July 2025 to June 2026
B57: ="Transpower's Annual Compliance Statement for the year ending " & TEXT('Directors Certificate'!$K$3,"dd mmmm yyyy") -> Transpower's Annual Compliance Statement for the year ending 30 June 2026

Sheet Assurance Report
B2: Independent Assurance Report
B3: Transpower IPP determination 2025, Part 5, clause 37.1
B41: ='Directors Certificate'!B57 -> Transpower's Annual Compliance Statement for the year ending 30 June 2026

Sheet Table of Contents
B2: Annual Compliance Statement
B3: Workbook - Table of Contents for RCP4 | C3: ="Disclosure Year: "&TEXT('Directors Certificate'!K3,"d mmmm yyyy") -> Disclosure Year: 30 June 2026
B4: Requirements of the Price Quality Path Determination (IPP) 2025
B5: Transpower-Individual-Price-Quality-Path-Determination-2025 (Commerce Commission Website)
B6: This workbook contains the disclosure of our Annual Compliance Statement (ACS) as required by our Individual Price-Quality Path Determination (IPP) and the additional information the ACS must include. These disclosures relate principally to our annual wash-up calculation (i.e. the calculation of the economic gain or loss for the disclosure year), the related adjustments to the Economic Value (EV) account and Transpower's performance in relation to the Grid Output measures for which quality standards have been set. This workbook also contains an alternative wash-up calculation (Sheet 3_RevenueBuildingBlocks) that is mathematically identical to the approach mandated by the IPP (Schedule E), but which applies a full bottom-up building blocks methodology.
B8: Additional Information to accompany the ACS
B9: The IPP determination requires additional information to be disclosed alongside the ACS relating to asset and grid performance. These disclosures as additional sheets included in the ACS.
B10: Information Disclosures
B11: Accompanying this workbook is another workbook that includes the information required by our Information Disclosure Determination. Those disclosures supplement these, and include information relating to other aspects of our regulated business such as our regulated asset base, major capital projects, profit and return on investment, customer investment contracts, system statistics, demand and injection amounts and more detailed network performance data.
B14: The Annual Compliance Statement (Transpower IPP determination 2025, Part 5) | C14: Location | D14: IPP reference
B15: The Annual Compliance Statement - Part 1 | C15: Tab 1 | D15: Transpower IPP determination 2020, Part 5, clause 23.2.1 and 23.2.5/6
B16: The Annual Compliance Statement - Part 2 | C16: Tab 2 | D16: Transpower IPP determination 2020, Part 5, clause 23.2.2/3/4
B17: The Independent Assurance Report | C17: Tab 3 | D17: Transpower IPP determination 2020, Part 5, clause 23.2.7
B18: The Annual Compliance Statement - information requirements (Transpower IPP determination 2020, Part 5, clause 24) - Tab colour green | C18: Workbook location | D18: IPP reference
B19: The ex-post economic gain or loss for the disclosure year, calculated in accordance with clause 29.1 and Schedule E | C19: Tab 4 | D19: Transpower IPP determination 2020, Part 5, clause 24.1.1
B20: The forecast revenue for electricity transmission services used for setting charges under the TPM | C20: Tab 5 | D20: Transpower IPP determination 2020, Part 5, clause 24.1.2
B21: Transmission revenue received for the pricing year | C21: Tab 6 | D21: Transpower IPP determination 2020, Part 5, clause 24.1.3
B22: Other regulated income received for the pricing year | C22: Tab 6 | D22: Transpower IPP determination 2020, Part 5, clause 24.1.4
B23: A description and explanation of any voluntary revenue reduction Transpower has made in calculating the ex-post economic gain or loss for the disclosure year | C23: Tab 4 | D23: Transpower IPP determination 2020, Part 5, clause 24.1.5
B24: An updated summary of the EV account as set out in Schedule B | C24: Tab 7 | D24: Transpower IPP determination 2020, Part 5, clause 24.1.6
B25: An updated forecast EV account balance at the end of RCP3 | C25: Tab 8 | D25: Transpower IPP determination 2020, Part 5, clause 24.1.6
... B49: The Annual Compliance Statement - Part 2 (alternative) | C49: Tab 2(a) | D49: Transpower IPP determination 2020, Part 5, clause 23.2.2/3/4 (excluding exceptional events)
B51: 1. Inputs | C51: Link to Section
B52: =+'1_Inputs'!B4 -> 1.1 - Basis of Preparation | C52: Section 1.1 | D52: Inputs Sheet
B53: =+'1_Inputs'!B7 -> 1.2 - Regulatory Inputs | C53: Section 1.2 | D53: Inputs Sheet
B54: =+'1_Inputs'!B17 -> 1.3 - Inflation inputs | C54: Section 1.3 | D54: Inputs Sheet
B55: 2. Revenue | C55: =+C51 -> Link to Section | D55: IPP reference
B56: =+'2_Revenue'!B4 -> 2.1 - Revenue for electricity transmission services used for setting charges under the TPM | C56: Section 2.1 | D56: Transpower IPP determination 2025, Part 5, clause 26.1.2
B57: =+'2_Revenue'!B22 -> 2.2 - Actual regulated electricity transmission revenue | C57: Section 2.2 | D57: Transpower IPP determination 2025, Schedule D
B58: 3. Revenue Building Blocks | C58: =+C55 -> Link to Section | D58: IPP reference
B59: =+'3_RevenueBuildingBlocks'!B4 -> 3.1 - Full building blocks calculation of the forecast MAR for the disclosure year | C59: Section 3.1 | D59: Transpower IPP determination 2025, Part 5, clause 26.1.3, Schedule D
B60: =+'3_RevenueBuildingBlocks'!B38 -> 3.2 - The ex-post economic gain or loss for the disclosure year | C60: Section 3.2 | D60: Transpower IPP determination 2025, Part 5, clause 25.2.1(d), 26.1.1, 32.1 and Schedule E
B61: ='3_RevenueBuildingBlocks'!B84 -> 3.3 - Transpower's voluntary revenue reductions applied to the Ex Post economic gain or loss | C61: Section 3.3 | D61: Transpower IPP determination 2025, Part 5, clause 25.2.1(d), 26.1.1, 32.1 and Schedule E
B62: 4. Regulatory Asset Base (RAB) | C62: =+C55 -> Link to Section | D62: IPP reference
B63: ='4_RAB'!B4 -> 4.1 - RAB roll forward | C63: Section 4.1 | D63: Transpower IPP determination 2025, Part 5, clause 32.1.2 - 32.1.4
B64: ='4_RAB'!B45 -> 4.2 - Depreciation | C64: Section 4.2 | D64: Transpower IPP determination 2025, Part 5, clause 32.1.5
B65: ='4_RAB'!B69 -> 4.3 - Revaluation | C65: Section 4.3 | D65: Transpower IPP determination 2025, Part 5, clause 32.1.6
B66: 5. Base Capex Allowance | C66: =+C55 -> Link to Section | D66: IPP reference
B67: ='5_BaseCapexAllowance'!B4 -> 5.1 - Updated summaries of the approved base capex as set out in Schedules C1 to C4 | C67: Section 5.1 | D67: Transpower IPP determination 2025, Part 5, clause 26.1.8 - 26.1.9
B68: 6. Base Capex Disparities Adjustments | C68: =+C66 -> Link to Section
B69: =+'6_BaseCapexDisparitiesAdj'!B4 -> 6.1 - Standard incentive rate base capex allowance - adjusted for actual CPI expenditure basis (excluding capitalised operating leases) | C69: Section 6.1 | D69: Transpower IPP determination 2025, Part 5, clause 32.1 - 32.2, 36.2
B70: =+'6_BaseCapexDisparitiesAdj'!B15 -> 6.2 - Standard incentive rate base capex allowance paid for in foreign currency - expenditure basis (excluding capitalised operating leases) | C70: Section 6.2 | D70: Transpower IPP determination 2025, Part 5, clause 32.2.7 - 34.2.9
B71: =+'6_BaseCapexDisparitiesAdj'!B66 -> 6.3 - Details of any changes to Transpower's policy of hedging capital expenditure during the disclosure year | C71: Section 6.3 | D71: Transpower IPP determination 2025, Part 5, clause 34.1.3(g)
B72: 7. Base and Major Capex Adjustment | C72: =+C68 -> Link to Section
B73: =+'7_Base&MajorCapexAdj'!B4 -> 7.1 - Calculation of base capex adjustment | C73: Section 7.1 | D73: Transpower IPP determination 2025, Part 5, clause 34.1.3(g)
B74: =+'7_Base&MajorCapexAdj'!B41 -> 7.2 - Calculation of major capex expenditure and output adjustment | C74: Section 7.2 | D74: Transpower IPP determination 2025, Part 5, clause 34.1.3(h)
B75: 8. Operational expenditure (opex) | C75: =+C55 -> Link to Section | D75: IPP reference
B76: =+'8_OpexAllowance'!B4 -> 8.1 - opex allowances per the IPP | C76: Section 8.1 | D76: Transpower IPP determination 2025, Part 5, clause 32.1.7, 36.2
B77: 9. opex Allowance | C77: =+C75 -> Link to Section
B78: =+'9_Opex'!B4 -> 9.1 - Opex allowance and forecast opex | C78: Section 9.1 | D78: Transpower IPP determination 2025, Part 5, clause 26.1.7
B79: =+'9_Opex'!B23 -> 9.2 - Differences between the forecast opex and actual opex | C79: Section 9.2 | D79: Transpower IPP determination 2025, Part 5, clause 26.1.7
B80: 10. Economic Value Account (EV Account) | C80: =+C55 -> Link to Section | D80: IPP reference
B81: =+'10_EVAccount'!B4 -> 10.1 - An updated summary of the EV account as set out in Schedule B | C81: Section 10.1 | D81: Transpower IPP determination 2025, Part 5, clause 26.1.5
B82: =+'10_EVAccount'!B19 -> 10.2 - EV account entries | C82: Section 10.2 | D82: Transpower IPP determination 2025, Part 5, clause 34.1.1 (c), 34.1.3
B83: =+'10_EVAccount'!B40 -> 10.3 - Adjustment to the EV account from a normalisation event, where a normalisation event is excluded from a calculation made for a revenue-linked grid output measure | C83: Section 10.3 | D83: Transpower IPP determination 2025, Part 5, clause 34.1 - 34.2
B84: 11. Pass-through and Recoverable Costs | C84: =+C55 -> Link to Section | D84: IPP reference
B85: =+'11_Pass-Through&Recoverables'!B4 -> 11.1 - Summary of actual pass-through costs and recoverable costs | C85: Section 11.1 | D85: Transpower IPP determination 2025, Part 5, clause 26.1.6, Schedule H
B86: =+'11_Pass-Through&Recoverables'!B27 -> 11.2 - A description and explanation of any opex incurred as part of a major capex project | C86: Section 11.2 | D86: Transpower IPP determination 2025, Part 5, clause 26.1.6(a)
B87: =+'11_Pass-Through&Recoverables'!B32 -> 11.3 - A summary of any prudent net additional opex incurred in responding to a catastrophic event, as determined by the Commission | C87: Section 11.3 | D87: Transpower IPP determination 2025, Part 5, clause 26.1.6(b)
B88: 12. Regulatory Tax Calculation | C88: =+C55 -> Link to Section | D88: IPP reference
B89: =+'12_Tax'!B4 -> 12.1 - Regulatory Tax allowance | C89: Section 12.1 | D89: Transpower IPP determination 2025, Part 5, clause 31.1.8 - 32.1.9
B90: 13. Revenue Linked Quality Standards | C90: =+C55 -> Link to Section | D90: IPP reference
B91: =+'13_RevenueLinkedQualityMeasures'!B4 -> 13.1 - Grid output adjustment | C91: Section 13.1 | D91: Transpower IPP determination 2025, Part 5, clause 14.1 and 15.1
B92: 14. Quality Standards | C92: =+C55 -> Link to Section | D92: IPP reference
B93: =+'14_QualityStandards'!B4 -> 14.1 - GP1: Number of interruptions (per annum) | C93: Section 14.1 | D93: Transpower IPP determination 2025, clause 14.1.1 and 15.1-4
B94: =+'14_QualityStandards'!B39 -> 14.2 - GP2: Average duration of interruption (min) | C94: Section 14.2 | D94: Transpower IPP determination 2025, Part 5, clause 16.1 and 17.1
B95: =+'14_QualityStandards'!B74 -> 14.3 - AP1: HVDC availability (%) | C95: Section 1.4.3 | D95: Transpower IPP determination 2025, Part 5, clause 18.1 - 18.4
B96: =+'14_QualityStandards'!B89 -> 14.4 - AP2: HVAC availability (%) | C96: Section 14.4 | D96: Transpower IPP determination 2025, Part 5, clause 19.1 - 19.2
B97: =+'14_QualityStandards'!B104 -> 14.5 - AH: Asset Health Measure | C97: Section 14.5 | D97: Transpower IPP determination 2025, Part 5, clause 22.1 - 22.2, 23
B99: Information to Accompany the Annual Compliance Statement | C99: Location | D99: IPP reference
B101: 15. Normalisation events, AP outside the collar, AH compliance | C101: =+C92 -> Link to Section | D101: IPP reference
B102: =+'15_Events-AP&AH'!B4 -> 15.1 - Normalisation Events | C102: Section 15.1 | D102: Transpower IPP determination 2025, Part 5, clause 15.3, 17.3, 18.2, 19.2, 21.1, 21.4
B103: =+'15_Events-AP&AH'!B11 -> 15.2 - Summary of all reports publicly disclosed under clause 28.1 for the disclosure year | C103: Section 15.2 | D103: Transpower IPP determination 2025, Part 5, clause 30.1.1
B104: =+'15_Events-AP&AH'!B17 -> 15.3 - Summary of all reports publicly disclosed under clause 28.2 for the disclosure year | C104: Section 15.3 | D104: Transpower IPP determination 2025, Part 5, clause 28.2, 30.1.2
B105: 16. Customer Measures | C105: =+C92 -> Link to Section | D105: IPP reference
B106: =+'16_CustomerMeasures'!B4 -> 16.1 - CS1: Customer satisfaction measure | C106: Section 16.1 | D106: Transpower IPP determination 2025, Part 5, clause 30.2.1 - 30.2.9
B107: =+'16_CustomerMeasures'!B14 -> 16.2 - CS2: Customer service measure | C107: Section 16.2 | D107: Transpower IPP determination 2025, Part 5, clause 27.1.4
B108: 17. Quality Standards | C108: =+C92 -> Link to Section | D108: IPP reference
B109: =+'17_QualityStandards-AddInfo'!B5 -> 17.1 - AP1.2: Asset performance measure | C109: Section 17.1 | D109: Transpower IPP determination 2025, Part 5, clause 27.1.4
B110: =+'17_QualityStandards-AddInfo'!B11 -> 17.2 - AP3: Asset performance measure | C110: Section 17.2 | D110: Transpower IPP determination 2025, Part 5, clause 27.1.1
B111: =+'17_QualityStandards-AddInfo'!B29 -> 17.3 - AP4: Asset performance measure | C111: Section 17.3 | D111: Transpower IPP determination 2025, Part 5, clause 27.1.2
B112: =+'17_QualityStandards-AddInfo'!B35 -> 17.4 - GP4: Grid performance measure | C112: Section 17.4 | D112: Transpower IPP determination 2025, Part 5, clause 27.1.3
B113: =+'17_QualityStandards-AddInfo'!B44 -> 17.5 - Asset performance measure AP1 if outside of the collar value | C113: Section 17.5 | D113: Transpower IPP determination 2025, Part 5, clause 27.1.5
B114: =+'17_QualityStandards-AddInfo'!B51 -> 17.6 - Asset performance measure AP2 if outside of the collar value | C114: Section 17.6 | D114: Transpower IPP determination 2025, Part 5, clause 30.3
B115: =+'17_QualityStandards-AddInfo'!B60 -> 17.7 - If not complied with the asset health measure AH quality standard for an asset health measure asset class | C115: Section 17.7 | D115: Transpower IPP determination 2025, Part 5, clause 27.1.6

Sheet 1_Inputs
B2: Annual Compliance Statement 1. Inputs in to the ACS
L3: Disclosure Year: | M3: =+'Directors Certificate'!K3 -> 46203
B4: 1.1 - Basis of Preparation
B5: Transpower annual compliance statement is prepared: - in accordance with Transpower's Individual Price Quality Path Determination 2025; with reference to the Transpower Input Methodologies Determination 4June 2026 and Transpower Capital Expenditure Methodologies Determination 4 June 2026 - in millions of New Zealand dollars (NZD), unless otherwise noted.
B7: 1.2 - Regulatory Inputs
B9: Table 1.2.1 | D9: Rate | E9: Reference
C10: Corporate tax rate | D10: 0.28 | E10: Income Tax Act 2007 as referenced in the Transpower Input Methodologies
C11: WACC 65th Percentile | D11: 0.071 | E11: Cost of capital determination for electricity distribution businesses' default price-quality path commencing 2025 and Transpower New Zealand Limited's 2025-2030 individual price-quality path
C12: WACC Mid point | D12: 0.0668
C13: Post tax WACC | D13: 0.0644
C14: Base Capex Standard Incentive rate | D14: =+(1-(1/((1+D12)^6))) -> 0.32157482 | E14: Transpower Input Methodology 2025
C15: Base Capex low Incentive rate | D15: 0.15
B17: 1.3 - Inflation inputs
C19: Calculation of inflation actual outturn for the RCP4 period
F20: Disclosure year (finishing June)
B21: Table 1.3.1 | D21: CPI assumptions | E21: Source reference | F21: 2023 | G21: =F21+1 -> 2024 | H21: =G21+1 -> 2025 | I21: =H21+1 -> 2026 | J21: =I21+1 -> 2027 | K21: =J21+1 -> 2028 | L21: =K21+1 -> 2029 | M21: =L21+1 -> 2030
C22: As per IPP determination | D22: Rate | E22: Transpower IPP determination 2025 Schedule C8 | G22: 0.044026457 | H22: 0.022749159 | I22: 0.022 | J22: 0.02 | K22: 0.02 | L22: 0.02 | M22: 0.02
B23: A | D23: Index | E23: calculated | F23: 1 | G23: =+F23*(1+G22) -> 1.0440265 | H23: =+G23*(1+H22) -> 1.0677772 | I23: =+H23*(1+I22) -> 1.0912683 | J23: =+I23*(1+J22) -> 1.1130936 | K23: =+J23*(1+K22) -> 1.1353555 | L23: =+K23*(1+L22) -> 1.1580626 | M23: =+L23*(1+M22) -> 1.1812239
C24: Actual outturn | D24: Rate | E24: Statistics New Zealand | G24: 0.044026457 | H24: 0.023955652 | I24: 0.033255994
B25: B | D25: Index | E25: calculated | F25: 1 | G25: =+F25*(1+G24) -> 1.0440265 | H25: =+G25*(1+H24) -> 1.0690368 | I25: =+IF(I24=0,,H25*(1+I24)) -> 1.1045887 | J25: =+IF(J24=0,,I25*(1+J24)) -> 0 | K25: =+IF(K24=0,,J25*(1+K24)) -> 0 | L25: =+IF(L24=0,,K25*(1+L24)) -> 0 | M25: =+IF(M24=0,,L25*(1+M24)) -> 0
C27: Calculation of Revaluation Rate and Revaluation of Assets
B29: Table 1.3.2 | D29: Rate | E29: Reference
C30: CPI4 | D30: 1359 | E30: Statistics New Zealand - As at 30 June 2026
C31: CPI4-4 | D31: 1306 | E31: Statistics New Zealand - As at 30 June 2025
C32: Revaluation rate (%) | D32: =IF(D30<>0,D30/D31-1, 0) -> 0.04058193
B34: ='Directors Certificate'!B57 -> Transpower's Annual Compliance Statement for the year ending 30 June 2026

Sheet Revenue and expenditure
B4: Revenue and Expenditure
B5: (Including other financial considerations such as the EV account, pass-though and recoverable costs, and Tax)

Sheet 2_Revenue
B2: Annual Compliance Statement 2. Forecast revenue, Other regulated income and Revenue allowances per the IPP
I3: Disclosure Year: | J3: =+'4_RAB'!E3 -> 46203
B4: 2.1 - Revenue for electricity transmission services used for setting charges under the TPM
B5: Transpower's revenue allowance is approved under the IPP as at November 2024 effective for the disclosure years ending 30 June 2026 - 30 June 2030. As part of the IPP, Transpower is eligible to apply for reopeners to its individual price-quality including a change in its revenue allowances. Under the IPP, Transpower updates Schedule A as part of its reopener application.
B6: IPP Reference: 26.1.2 the forecast revenue for electricity transmission services that Transpower used for setting charges under the TPM for the relevant pricing year
B8: Table 2.1.1 | D8: Total
C9: Forecast revenue applied to the TPM | D9: =K16 -> 976.7
B11: Table 2.1.2
B12: IPP Reference: Under the IPP Transpower is not required to disclose this schedule as part of the ACS, this is reported for completeness and comparative purposes
B13: IPP Schedule A: Summary of forecast MAR and forecast SMAR
C14: Forecast MAR applied to pricing years in RCP4 ending | D14: Forecast MAR is calculated based on building block values for the disclosure year ending | E14: Initial determined value of forecast MAR for pricing year | F14: Incremental update to forecast MAR determined in 2025 | G14: Incremental update to forecast MAR determined in 2026 | H14: Incremental update to forecast MAR determined in 2027 | I14: Incremental update to forecast MAR determined in 2028 | J14: Total forecast MAR applicable to the pricing year (sum of amounts in columns 3 to 7) | K14: Forecast SMAR applicable to the pricing years in RCP4
C15: Column 1 | D15: Column 2 | E15: Column 3 | F15: Column 4 | G15: Column 5 | H15: Column 6 | I15: Column 7 | J15: Column 8 | K15: Column 9
C16: 31 March 2026 (Year 1) | D16: 46203 | E16: 1076 | J16: =SUM(E16:I16) -> 1076 | K16: 976.7
C17: 31 March 2027 (Year 2) | D17: 46568 | E17: 1112.9 | F17: 17 | J17: =SUM(E17:I17) -> 1129.9 | K17: 1141.4
C18: 31 March 2028 (Year 3) | D18: 46934 | E18: 1161.7 | F18: 2.1 | G18: 0 | J18: =SUM(E18:I18) -> 1163.8 | K18: 1198.4
C19: 31 March 2029 (Year 4) | D19: 47299 | E19: 1230.4 | F19: 2.4 | G19: 0 | H19: 0 | J19: =SUM(E19:I19) -> 1232.8 | K19: 1258.4
C20: 31 March 2030 (Year 5) | D20: 47664 | E20: 1271.6 | F20: 2.6 | G20: 0 | H20: 0 | I20: 0 | J20: =SUM(E20:I20) -> 1274.2 | K20: 1321.3
B22: 2.2 - Actual regulated electricity transmission revenue
B23: Transpower discloses the electricity transmission revenue charged under the TPM as the disclosure year value, as well as the other regulated income received during the disclosure year.
B24: IPP Reference: 26.1.3 the actual transmission revenue for the relevant pricing year and, 32.1.11 for actual revenues received by Transpower: (a) the actual transmission revenue received in the pricing year, as converted to a disclosure year value in accordance with clause 9.2; and (b) the sum of other regulated income received in the disclosure year;
B26: Table 2.2.1 | D26: Transmission
B27: plus | C27: Connection Charges | D27: 150.77032
B28: plus | C28: Benefit Based Charges | D28: 304.57983
B29: plus | C29: Residual Charges | D29: 474.95006
B30: plus | C30: Transitional Cap | D30: -0.00146856
B31: plus | C31: EV adjustment | D31: 44.696844
B32: plus | C32: Other regulated income | D32: 6.799314
C33: Transmission revenue received for the pricing year | D33: =SUM(D27:D32) -> 981.79489
B35: ="Transpower's Annual Compliance Statement for the year ending " & TEXT('Directors Certificate'!$K$3,"dd mmmm yyyy") -> Transpower's Annual Compliance Statement for the year ending 30 June 2026

Sheet 3_RevenueBuildingBlocks
B2: Annual Compliance Statement 3. Revenue Building blocks calculation, and post economic gain / (loss) for the year
H3: Disclosure Year: | I3: =+'4_RAB'!E3 -> 46203
B4: 3.1 - Full building blocks calculation of the forecast MAR for the disclosure year
B5: Transpower's forecast MAR is derived from the MAR building blocks in line with Schedule D of the IPP. The details used in the creation of this table are pulled from the published revenue model for RCP4 published in November 2024 as well as the allowance in Schedule C4 and Schedule C7 in the IPP + reopeners. Refer to Table 5.1.4 for the updates to Schedule C4. The table below is the public disclosure of the forecast update inline with 8.4.3 of the IPP, and is an update to the forecast MAR and SMAR for the year.
B6: IPP Reference: Under the IPP Transpower is not required to disclose this schedule as part of the ACS, this is reported for completeness
B7: Table 3.1.1
B8: IPP Schedule D: Forecast MAR building blocks calculation | H8: Forecast MAR - as determined in IPP determination 2025
C9: MAR building block (forecast/ex-post | D9: Description of nominal value to be applied (forecast/ex-post) | E9: Schedule D reference | G9: Cash flow timing factor | H9: Total (nominal value) | I9: Total (building block value)
B10: Schedule D column | C10: Column 1 | D10: Column 2 | G10: Column 4 | H10: Column 3 | I10: Column 5
C11: WACC | D11: WACC | E11: A1 | G11: ='1_Inputs'!D11 -> 0.071
C12: WACC return on opening RAB value | D12: Opening RAB value | E12: B | G12: =+$G$11/(1+G11)^(163/365) -> 0.068858111 | H12: 5215.4665 | I12: =H12*G12 -> 359.12717
C13: WACC return on value of commissioned assets - July | D13: Value of commissioned assets - July | E13: C1 | G13: =((1+$G$11)^(349.5/365)-1)/(1+$G$11)^(163/365) -> 0.065836969 | H13: 0 | I13: =H13*G13 -> 0
C14: WACC return on value of commissioned assets - August | D14: Value of commissioned assets - August | E14: C2 | G14: =((1+$G$11)^(318.5/365)-1)/(1+$G$11)^(163/365) -> 0.059821021 | H14: 0 | I14: =H14*G14 -> 0
C15: WACC return on value of commissioned assets - September | D15: Value of commissioned assets - September | E15: C3 | G15: =((1+$G$11)^(288/365)-1)/(1+$G$11)^(163/365) -> 0.053936209 | H15: 0 | I15: =H15*G15 -> 0
C16: WACC return on value of commissioned assets - October | D16: Value of commissioned assets - October | E16: C4 | G16: =((1+$G$11)^(257.5/365)-1)/(1+$G$11)^(163/365) -> 0.048085032 | H16: 0 | I16: =H16*G16 -> 0
C17: WACC return on value of commissioned assets - November | D17: Value of commissioned assets - November | E17: C5 | G17: =((1+$G$11)^(227/365)-1)/(1+$G$11)^(163/365) -> 0.042267295 | H17: 0 | I17: =H17*G17 -> 0
C18: WACC return on value of commissioned assets - December | D18: Value of commissioned assets - December | E18: C6 | G18: =((1+$G$11)^(196.5/365)-1)/(1+$G$11)^(163/365) -> 0.036482809 | H18: 273.70012 | I18: =H18*G18 -> 9.9853493
C19: WACC return on value of commissioned assets - January | D19: Value of commissioned assets - January | E19: C7 | G19: =((1+$G$11)^(165.5/365)-1)/(1+$G$11)^(163/365) -> 0.030637372 | H19: 273.70012 | I19: =H19*G19 -> 8.3854524
C20: WACC return on value of commissioned assets - February | D20: Value of commissioned assets - February | E20: C8 | G20: =((1+$G$11)^(136/365)-1)/(1+$G$11)^(163/365) -> 0.025106312 | H20: 0 | I20: =H20*G20 -> 0
C21: WACC return on value of commissioned assets - March | D21: Value of commissioned assets - March | E21: C9 | G21: =((1+$G$11)^(106.5/365)-1)/(1+$G$11)^(163/365) -> 0.01960583 | H21: 0 | I21: =H21*G21 -> 0
C22: WACC return on value of commissioned assets - April | D22: Value of commissioned assets - April | E22: C10 | G22: =((1+$G$11)^(76/365)-1)/(1+$G$11)^(163/365) -> 0.013950861 | H22: 0 | I22: =H22*G22 -> 0
C23: WACC return on value of commissioned assets - May | D23: Value of commissioned assets - May | E23: C11 | G23: =((1+$G$11)^(45.5/365)-1)/(1+$G$11)^(163/365) -> 0.0083282131 | H23: 0 | I23: =H23*G23 -> 0
C24: WACC return on value of commissioned assets - June | D24: Value of commissioned assets - June | E24: C12 | G24: =((1+$G$11)^(15/365)-1)/(1+$G$11)^(163/365) -> 0.0027377002 | H24: 0 | I24: =H24*G24 -> 0
C25: Total capital charge | D25: Sum of building blocks values from 1 to 17 | E25: D | I25: =SUM(I11:I24) -> 377.49797
C26: Forecast revaluation | D26: Forecast revaluation | E26: E1 | G26: =1/(1+$G$11)^(163/365) -> 0.96983255 | H26: -99.029486 | I26: =H26*G26 -> -96.042019
C27: Forecast depreciation | D27: Depreciation | E27: E2 | G27: =1/(1+$G$11)^(163/365) -> 0.96983255 | H27: 281.77055 | I27: =H27*G27 -> 273.27025
C28: Operating expenditure | D28: opex allowance | E28: F | G28: =(1+$G$11)^(19/365) -> 1.003577 | H28: 421.10482 | I28: =H28*G28 -> 422.6111
C29: Tax | D29: Regulatory tax allowance | E29: G | G29: =(1+$G$11)^(19/365) -> 1.003577 | H29: 23.216791 | I29: =H29*G29 -> 23.299837
C30: Term credit spread differential | D30: Term credit spread differential allowance | E30: H | G30: =(1+$G$11)^(19/365) -> 1.003577 | H30: 3.1636215 | I30: =H30*G30 -> 3.1749376
C31: EV adjustment | D31: EV adjustment after tax gross-up | E31: I | G31: =1/(1+$G$11)^(163/365) -> 0.96983255 | H31: 46.087172 | I31: =H31*G31 -> 44.69684
C32: Pass-through costs | D32: Pass-through costs | E32: J | G32: =(1+$G$11)^(19/365) -> 1.003577 | H32: 22.283521 | I32: =H32*G32 -> 22.363229
C33: Recoverable costs - non-IRIS | D33: Recoverable costs - non-IRIS | E33: K1 | G33: =(1+$G$11)^(19/365) -> 1.003577 | H33: 3.1710635 | I33: =H33*G33 -> 3.1824063
C34: Recoverable costs - IRIS | D34: Recoverable costs - IRIS | E34: K2 | G34: =(1+$G$11)^(19/365) -> 1.003577 | H34: 1.938 | I34: =H34*G34 -> 1.9449322
C35: Total MAR | D35: Sum of building blocks values from 15 to 24 | E35: D | I35: =+I25+SUM(I26:I34) -> 1075.9995
B38: 3.2 - The ex-post economic gain or loss for the disclosure year
B39: The revenue wash-up is the difference between what Transpower is allowed to recover (Schedule D) and, given our actual expenditure and other regulated income (Schedule E), what we should recover. The wash-up calculation is specified in detail in Schedule E of the IPP. This is a profit-based calculation which shows Transpower's after-tax economic gain or loss for the year relative to the regulatory RCP4 WACC (the capital charge). Any after-tax gain must be returned to customers in RCP5, and any losses can be recovered.
B40: IPP Reference: 26.1.1 the ex-post economic gain or loss for the disclosure year, calculated in accordance with clause 32.1 and Schedule E, including any supporting information
B42: Table 3.2.1
B43: Schedule E: Wash-up building blocks calculation
C44: Wash-up building block | D44: Description of nominal value to be applied | E44: Schedule E reference | G44: Cash flow timing factor | H44: Total (nominal value) | I44: Total (wash-up value)
B45: Schedule E column | C45: Column 1 | D45: Column 2 | G45: Column 4 | H45: Column 3 | I45: Column 5
C46: WACC updated for actual CPI | D46: WACC updated to reflect the disparity between forecast CPI and actual CPI | E46: A1 | G46: =((1+'1_Inputs'!D11)*(1+'1_Inputs'!I24)/(1+'1_Inputs'!I22))-1 -> 0.082795665
C47: WACC return on opening RAB value | D47: Opening RAB value | E47: B | G47: =+G46 -> 0.082795665 | H47: ='4_RAB'!E10 -> 5224.3984 | I47: =G47*H47 -> 432.55754
C48: WACC return on value of commissioned assets - July | D48: Value of commissioned assets - July | E48: C1 | G48: =(1+$G$46)^(349.5/365)-1 -> 0.07914416 | H48: ='4_RAB'!E13 -> 65.078073 | I48: =G48*H48 -> 5.1505494
C49: WACC return on value of commissioned assets - August | D49: Value of commissioned assets - August | E49: C2 | G49: =(1+$G$46)^(318.5/365)-1 -> 0.071878051 | H49: ='4_RAB'!E14 -> 44.570868 | I49: =G49*H49 -> 3.2036671
C50: WACC return on value of commissioned assets - September | D50: Value of commissioned assets - September | E50: C3 | G50: =(1+$G$46)^(288/365)-1 -> 0.064776885 | H50: ='4_RAB'!E15 -> 41.622541 | I50: =G50*H50 -> 2.6961786
C51: WACC return on value of commissioned assets - October | D51: Value of commissioned assets - October | E51: C4 | G51: =(1+$G$46)^(257.5/365)-1 -> 0.057722765 | H51: ='4_RAB'!E16 -> 21.58337 | I51: =G51*H51 -> 1.2458518
C52: WACC return on value of commissioned assets - November | D52: Value of commissioned assets - November | E52: C5 | G52: =(1+$G$46)^(227/365)-1 -> 0.050715378 | H52: ='4_RAB'!E17 -> 40.302682 | I52: =G52*H52 -> 2.0439658
C53: WACC return on value of commissioned assets - December | D53: Value of commissioned assets - December | E53: C6 | G53: =(1+$G$46)^(196.5/365)-1 -> 0.043754415 | H53: ='4_RAB'!E18 -> 27.345923 | I53: =G53*H53 -> 1.1965049
C54: WACC return on value of commissioned assets - January | D54: Value of commissioned assets - January | E54: C7 | G54: =(1+$G$46)^(165.5/365)-1 -> 0.036726593 | H54: ='4_RAB'!E19 -> 29.306612 | I54: =G54*H54 -> 1.076332
C55: WACC return on value of commissioned assets - February | D55: Value of commissioned assets - February | E55: C8 | G55: =(1+$G$46)^(136/365)-1 -> 0.030082772 | H55: ='4_RAB'!E20 -> 14.317842 | I55: =G55*H55 -> 0.43072036
C56: WACC return on value of commissioned assets - March | D56: Value of commissioned assets - March | E56: C9 | G56: =(1+$G$46)^(106.5/365)-1 -> 0.023481527 | H56: ='4_RAB'!E21 -> 40.257495 | I56: =G56*H56 -> 0.94530746
C57: WACC return on value of commissioned assets - April | D57: Value of commissioned assets - April | E57: C10 | G57: =(1+$G$46)^(76/365)-1 -> 0.016700988 | H57: ='4_RAB'!E22 -> 33.943528 | I57: =G57*H57 -> 0.56689045
C58: WACC return on value of commissioned assets - May | D58: Value of commissioned assets - May | E58: C11 | G58: =(1+$G$46)^(45.5/365)-1 -> 0.0099653694 | H58: ='4_RAB'!E23 -> 49.099228 | I58: =G58*H58 -> 0.48929194
C59: WACC return on value of commissioned assets - June | D59: Value of commissioned assets - June | E59: C12 | G59: =(1+$G$46)^(15/365)-1 -> 0.0032743741 | H59: ='4_RAB'!E24 -> 75.125253 | I59: =G59*H59 -> 0.24598818
C60: WACC return on lost assets | D60: Opening RAB value of lost assets | E60: D | G60: =1-(1+$G$46)^(182/365) -> -0.040461297 | H60: 0 | I60: =G60*H60 -> 0
C61: WACC return on found assets | D61: Value of found assets | E61: E | G61: =(1+$G$46)^(182/365)-1 -> 0.040461297 | H61: 0 | I61: =G61*H61 -> 0
C62: WACC return on disposed assets | D62: Opening RAB value of disposed assets | E62: F | G62: =1-(1+$G$46)^(182/365) -> -0.040461297 | H62: =-'4_RAB'!E27 -> 6.3980671 | I62: =G62*H62 -> -0.2588741
C63: Total capital charge adjusted for CPI disparity | D63: Sum of wash-up values from B through F | E63: G | I63: =+SUM(I47:I62) -> 451.58992
C64: Transmission revenues received | D64: Actual transmission revenue | E64: H | G64: =(1+$G$46)^(163/365) -> 1.0361619 | H64: ='2_Revenue'!D33-'2_Revenue'!D32 -> 974.99557 | I64: =+H64*G64 -> 1010.2533
C65: Voluntarily foregone revenues | D65: Transmission revenue foregone (permanent reduction) | E65: J | G65: =(1+$G$46)^(163/365) -> 1.0361619 | H65: 0 | I65: =+H65*G65 -> 0
C66: Other regulated income | D66: Other regulated income | E66: K1 | G66: =(1+$G$46)^(182/365) -> 1.0404613 | H66: ='2_Revenue'!D32 -> 6.799314 | I66: =+H66*G66 -> 7.0744231
C67: Revaluation | D67: Actual revaluation income | E67: K2 | G67: 1 | H67: ='4_RAB'!E82 -> 204.098 | I67: =+H67*G67 -> 204.098
C68: Gain/loss on disposal of assets | D68: Disposal proceeds less opening RAB value for disposed assets (incl. impairments) | E68: L | G68: =(1+$G$46)^(182/365) -> 1.0404613 | H68: =-'4_RAB'!E41 -> -5.6609996 | I68: =+H68*G68 -> -5.890051
C69: Total income | D69: Sum of wash-up values from H through L | E69: M | I69: =SUM(I64:I68) -> 1215.5356
C70: Operating expenditure | D70: Opex allowance (CPI adjusted) | E70: N | G70: =(1+$G$46)^(182/365) -> 1.0404613 | H70: ='9_Opex'!F17 -> 426.24009 | I70: =H70*G70 -> 443.48632
C71: Depreciation | D71: Depreciation (excl. depreciation on disposed assets) | E71: O | G71: 1 | H71: =+'4_RAB'!E55 -> 286.52867 | I71: =+H71*G71 -> 286.52867
C72: Term credit spread differential (TCSD) | D72: TCSD allowance | E72: P | G72: =(1+$G$46)^(182/365) -> 1.0404613 | H72: =+'12_Tax'!E35 -> 2.1628729 | I72: =+H72*G72 -> 2.2503856
C73: Pass-through costs | D73: Pass-through costs (Schedule H, Formula F) | E73: Q | G73: =(1+$G$46)^(182/365) -> 1.0404613 | H73: =+'11_Pass-Through&Recoverables'!F17 -> 19.213789 | I73: =+H73*G73 -> 19.991204
C74: Recoverable costs - non-IRIS | D74: Recoverable costs - non-IRIS (Schedule H, Formulae M - G ) | E74: Q | G74: =(1+$G$46)^(182/365) -> 1.0404613 | H74: ='11_Pass-Through&Recoverables'!F24-'11_Pass-Through&Recoverables'!F18 -> 1.4697707 | I74: =+H74*G74 -> 1.5292396
C75: Recoverable costs - IRIS | D75: Recoverable costs - IRIS (Schedule H, Formula G) | E75: Q | G75: =(1+$G$46)^(182/365) -> 1.0404613 | H75: ='11_Pass-Through&Recoverables'!F18 -> 3.1710635 | I75: =+H75*G75 -> 3.2993689
C76: Net operating profit/loss before tax | D76: M and wash-up values from N through Q | E76: R | I76: =+I69-SUM(I70:I75) -> 458.45045
C77: Tax | D77: Regulatory tax allowance | E77: S | G77: =(1+$G$46)^(182/365) -> 1.0404613 | H77: ='12_Tax'!E18 -> 9.9362948 | I77: =+H77*G77 -> 10.33833
C78: Net operating profit/loss after tax | D78: R and wash-up value from S | E78: T | I78: =+I76-I77 -> 448.11212
C80: After-tax ex-post economic gain or loss | D80: G and T | E80: U | I80: =+I63-I78 -> 3.4777992
C81: Forecast EV adjustment included in forecast MAR | D81: Forecast EV adjustment before tax gross-up | E81: S | I81: =H31*0.72 -> 33.182764
C82: EV account entry | D82: U and S | E82: W | I82: =+I80+I81 -> 36.660563
B84: 3.3 - Transpower's voluntary revenue reductions applied to the Ex Post economic gain or loss
B85: IPP Reference: 26.1.4 a description and explanation of any voluntary revenue reduction Transpower has made in calculating the ex-post economic gain or loss for the disclosure year
C87: Not applicable
B89: ='Directors Certificate'!B57 -> Transpower's Annual Compliance Statement for the year ending 30 June 2026
C99: Alternative approach - compare ex post MAR to ex ante MAR to understand differences. Washup is the difference between actual revenue and ex Post MAR
E100: Ex ante revenue | H100: Ex post revenue | I100: Differences | K100: Comparison of cashflow timing assumptions using 7.10% as a constant WACC
C101: =C46 -> WACC updated for actual CPI | E101: Nominal | F101: PV | G101: Nominal | H101: PV | I101: PV | L101: 0.071
C102: =C47 -> WACC return on opening RAB value | E102: =H12 -> 5215.4665 | F102: =I12 -> 359.12717 | G102: =H47 -> 5224.3984 | H102: =I47 -> 432.55754 | I102: =H102-F102 -> 73.430371 | K102: =+$G$11/(1+K101)^(163/365) -> 0.071 | L102: =+L101 -> 0.071
C103: =C48 -> WACC return on value of commissioned assets - July | E103: =H13 -> 0 | F103: =I13 -> 0 | G103: =H48 -> 65.078073 | H103: =I48 -> 5.1505494 | I103: =H103-F103 -> 5.1505494 | K103: =((1+$G$11)^(349.5/365)-1)/(1+$G$11)^(163/365) -> 0.065836969 | L103: =(1+$L$101)^(349.5/365)-1 -> 0.067884883
C104: =C49 -> WACC return on value of commissioned assets - August | E104: =H14 -> 0 | F104: =I14 -> 0 | G104: =H49 -> 44.570868 | H104: =I49 -> 3.2036671 | I104: =H104-F104 -> 3.2036671 | K104: =((1+$G$11)^(318.5/365)-1)/(1+$G$11)^(163/365) -> 0.059821021 | L104: =(1+$L$101)^(318.5/365)-1 -> 0.061681803
C105: =C50 -> WACC return on value of commissioned assets - September | E105: =H15 -> 0 | F105: =I15 -> 0 | G105: =H50 -> 41.622541 | H105: =I50 -> 2.6961786 | I105: =H105-F105 -> 2.6961786 | K105: =((1+$G$11)^(288/365)-1)/(1+$G$11)^(163/365) -> 0.053936209 | L105: =(1+$L$101)^(288/365)-1 -> 0.05561394
C106: =C51 -> WACC return on value of commissioned assets - October | E106: =H16 -> 0 | F106: =I16 -> 0 | G106: =H51 -> 21.58337 | H106: =I51 -> 1.2458518 | I106: =H106-F106 -> 1.2458518 | K106: =((1+$G$11)^(257.5/365)-1)/(1+$G$11)^(163/365) -> 0.048085032 | L106: =(1+$L$101)^(257.5/365)-1 -> 0.049580757
C107: =C52 -> WACC return on value of commissioned assets - November | E107: =H17 -> 0 | F107: =I17 -> 0 | G107: =H52 -> 40.302682 | H107: =I52 -> 2.0439658 | I107: =H107-F107 -> 2.0439658 | K107: =((1+$G$11)^(227/365)-1)/(1+$G$11)^(163/365) -> 0.042267295 | L107: =(1+$L$101)^(227/365)-1 -> 0.043582055
C108: =C53 -> WACC return on value of commissioned assets - December | E108: =H18 -> 273.70012 | F108: =I18 -> 9.9853493 | G108: =H53 -> 27.345923 | H108: =I53 -> 1.1965049 | I108: =H108-F108 -> -8.7888444 | K108: =((1+$G$11)^(196.5/365)-1)/(1+$G$11)^(163/365) -> 0.036482809 | L108: =(1+$L$101)^(196.5/365)-1 -> 0.037617637
C109: =C54 -> WACC return on value of commissioned assets - January | E109: =H19 -> 273.70012 | F109: =I19 -> 8.3854524 | G109: =H54 -> 29.306612 | H109: =I54 -> 1.076332 | I109: =H109-F109 -> -7.3091204 | K109: =((1+$G$11)^(165.5/365)-1)/(1+$G$11)^(163/365) -> 0.030637372 | L109: =(1+$L$101)^(165.5/365)-1 -> 0.031590373
C110: =C55 -> WACC return on value of commissioned assets - February | E110: =H20 -> 0 | F110: =I20 -> 0 | G110: =H55 -> 14.317842 | H110: =I55 -> 0.43072036 | I110: =H110-F110 -> 0.43072036 | K110: =((1+$G$11)^(136/365)-1)/(1+$G$11)^(163/365) -> 0.025106312 | L110: =(1+$L$101)^(136/365)-1 -> 0.025887264
C111: =C56 -> WACC return on value of commissioned assets - March | E111: =H21 -> 0 | F111: =I21 -> 0 | G111: =H56 -> 40.257495 | H111: =I56 -> 0.94530746 | I111: =H111-F111 -> 0.94530746 | K111: =((1+$G$11)^(106.5/365)-1)/(1+$G$11)^(163/365) -> 0.01960583 | L111: =(1+$L$101)^(106.5/365)-1 -> 0.020215685
C112: =C57 -> WACC return on value of commissioned assets - April | E112: =H22 -> 0 | F112: =I22 -> 0 | G112: =H57 -> 33.943528 | H112: =I57 -> 0.56689045 | I112: =H112-F112 -> 0.56689045 | K112: =((1+$G$11)^(76/365)-1)/(1+$G$11)^(163/365) -> 0.013950861 | L112: =(1+$L$101)^(76/365)-1 -> 0.014384815
C113: =C58 -> WACC return on value of commissioned assets - May | E113: =H23 -> 0 | F113: =I23 -> 0 | G113: =H58 -> 49.099228 | H113: =I58 -> 0.48929194 | I113: =H113-F113 -> 0.48929194 | K113: =((1+$G$11)^(45.5/365)-1)/(1+$G$11)^(163/365) -> 0.0083282131 | L113: =(1+$L$101)^(45.5/365)-1 -> 0.0085872691
C114: =C59 -> WACC return on value of commissioned assets - June | E114: =H24 -> 0 | F114: =I24 -> 0 | G114: =H59 -> 75.125253 | H114: =I59 -> 0.24598818 | I114: =H114-F114 -> 0.24598818 | K114: =((1+$G$11)^(15/365)-1)/(1+$G$11)^(163/365) -> 0.0027377002 | L114: =(1+$L$101)^(15/365)-1 -> 0.0028228586
C115: WACC return on disposed assets | H115: =I62 -> -0.2588741 | I115: =H115-F115 -> -0.2588741 | K115: =G25
C116: Capital charge | E116: =SUM(E102:E114) -> 5762.8667 | F116: =SUM(F102:F114) -> 377.49797 | G116: =SUM(G102:G115) -> 5706.9519 | H116: =SUM(H102:H115) -> 451.58992 | I116: =SUM(I102:I115) -> 74.091944
C118: Revaluation | E118: =H26 -> -99.029486 | F118: =I26 -> -96.042019 | G118: =-H67 -> -204.098 | H118: =-I67 -> -204.098 | I118: =H118-F118 -> -108.05598 | K118: =G26 -> 0.96983255 | L118: 1
...

Sheet 4_RAB
B2: Annual Compliance Statement 4.Regulatory Asset Base (RAB), Depreciation & Indexation
D3: Disclosure Year: | E3: =+'Directors Certificate'!K3 -> 46203
B4: 4.1 - RAB roll forward
B5: Transpower's RAB is its regulatory asset base, made up of the transmission assets commissioned as at 30 June of the disclosure year. The RAB is used as part of the calculations of Transpower's revenue washup into the EV account through the calculation of the ex- post economic gain or loss (wash up building blocks) in tab 3.
B6: IPP Reference: 32.1 For the purposes of annually calculating the ex-post economic gain or loss, Transpower must use: 32.1.2 the opening RAB value; 32.1.3 the actual amounts by month of commissioning in the disclosure year for value of commissioned asset of approved base capex and major capex
B8: Table 4.1.1
E9: Total
C10: Opening RAB balance | E10: 5224.3984
B11: plus/less | C11: prior year adjustments
B13: plus | C13: Value of commissioned assets - July | E13: 65.078073
B14: plus | C14: Value of commissioned assets - August | E14: 44.570868
B15: plus | C15: Value of commissioned assets - September | E15: 41.622541
B16: plus | C16: Value of commissioned assets - October | E16: 21.58337
B17: plus | C17: Value of commissioned assets - November | E17: 40.302682
B18: plus | C18: Value of commissioned assets - December | E18: 27.345923
B19: plus | C19: Value of commissioned assets - January | E19: 29.306612
B20: plus | C20: Value of commissioned assets - February | E20: 14.317842
B21: plus | C21: Value of commissioned assets - March | E21: 40.257495
B22: plus | C22: Value of commissioned assets - April | E22: 33.943528
B23: plus | C23: Value of commissioned assets - May | E23: 49.099228
B24: plus | C24: Value of commissioned assets - June | E24: 75.125253
B26: less | C26: Depreciation | E26: =-E51-E52 -> -281.6
B27: less | C27: Asset write-offs and disposals | E27: =-E38 -> -6.3980671
B28: less | C28: Lost assets | E28: 0
B29: less | C29: Adjustment to opening RAB resulting in change cost allocation | E29: -0.3
B30: plus | C30: Found assets | E30: 0
B31: plus | C31: Revaluation | E31: =E82 -> 204.098
B33: plus/less | C33: miscellaneous immaterial adjustments
C34: Closing RAB balance | E34: =+SUM(E10:E33) -> 5622.7518
B36: Table 4.1.2
E37: Total
C38: Net book value of disposed assets (incl. impairments) | E38: 6.3980671
B39: less | C39: Proceeds from disposed assets | E39: -0.73706757
B40: plus/less | C40: Other adjustments | E40: 0
C41: Net (gain)/loss on disposal of assets | E41: =+SUM(E38:E40) -> 5.6609996
B43: Note: This closing RAB balance reconciles exactly to the numbers in Transpower's to the information disclosures (see note regarding pseudo asset explanation under Table 4.2.1). They are not however equal to the numbers in the financial statements, because the RAB excludes customer-funded assets and assets relating to other unregulated lines of business.
B45: 4.2 - Depreciation
B46: Transpower calculates its depreciation including any capitalised interest adjustments required to align Transpower’s borrowing costs capitalised on its works under construction.
B47: IPP Reference: 32.1 For the purposes of annually calculating the ex-post economic gain or loss, Transpower must use: 32.1.5 - depreciation, including any capitalised interest adjustments required to align Transpower’s borrowing costs capitalised on its works under construction with the requirements of clause 2.2.10(3)(c) of the Transpower IM.
B49: Table 4.2.1
E50: Total
C51: Total GAAP depreciation | E51: 279.60465
B52: plus | C52: Pseudo asset depreciation | E52: 1.9953534
B53: plus | C53: Dismantling & other write offs | E53: 4.8844634
B54: plus/less | C54: Capitalised interest depreciation adjustment | E54: =E67 -> 0.04421096
C55: Depreciation | E55: =+SUM(E51:E54) -> 286.52867
B57: The pseudo asset is a purely regulatory (non GAAP) asset that does not appear anywhere in Transpower's financial statements. It was created on 1 July 2015 and is depreciating at a constant rate over 31 years. It is a legacy adjustment from RCP1 related to regulatory rules that during RCP1 did not allow recovery of depreciation in the year of commissioning (different to GAAP). This resulted in a divergency of GAAP assets and RAB assets. At the start of RCP3 this regulatory rule (no depreciation in year of commissioning) was removed and as a result this pseudo asset created so that going forward the GAAP asset value could be used for RAB. RAB is now GAAP asset + Pseudo asset. This work around stops the necessity to manage two separate asset registers, one for GAAP and one for RAB.
B60: Table 4.2.2
E61: Total
B62: A | C62: Total capitalised interest @ GAAP | E62: 10.455892
B63: B | C63: Capitalised interest rate used during the year | D63: 0.0473
B64: C = A/B | C64: Gross-up of capitalised interest | E64: =+E62/$D$63 -> 221.0548
B65: D | C65: Weighted average borrowing cost | D65: 0.0475
B66: E = C*D | C66: Allowed capitalised interest | E66: =E64*$D$65 -> 10.500103
B67: E-A | C67: Capitalised interest depreciation adjustment | E67: =+E66-E62 -> 0.04421096
B69: 4.3 - Revaluation
B70: As part of the RCP 4 application, Transpower was granted the ability through the Transpower Consolidated IMs to index its RAB to allow the asset base to maintain its value in line with inflation. The indexation is treated as revaluation income to Transpower's revenue and is calculated through the difference in the current year Q4 and prior year Q4 inflation values.
B71: IPP Reference: 32.1 For the purposes of annually calculating the ex-post economic gain or loss, Transpower must use: 32.1.6- the actual revaluation, treated as income in accordance with clause 2.2.9 of the Transpower IM.
B73: Table 4.3.1
E74: Total
B75: A | C75: Opening RAB value | E75: =E10 -> 5224.3984
B76: A1 | C76: Adjustments to opening RAB | E76: 32.439772
B77: B | C77: Asset write-offs and disposals | E77: =E27 -> -6.3980671
B78: C | C78: Lost assets | E78: =E28 -> 0
B79: D | C79: Depreciation | E79: -272.49099
B80: E=A+A1+B+C+D | C80: Value to apply revaluation to: | E80: =ROUND(+E75+E76+E77+E78+E79,0) -> 4978
B81: F | C81: Revaluation rate | D81: =ROUND(IF('1_Inputs'!D30<>0,'1_Inputs'!D30/'1_Inputs'!D31-1, 0),3) -> 0.041
B82: G=E*F | C82: Revaluation income | E82: =E80*D81 -> 204.098
B85: ='Directors Certificate'!B57 -> Transpower's Annual Compliance Statement for the year ending 30 June 2026

Sheet 5_BaseCapexAllowance
B2: Annual Compliance Statement 5. Approved Base Capex
H3: Disclosure Year: | I3: =+'Directors Certificate'!K3 -> 46203
B4: 5.1 - Updated summaries of the approved base capex as set out in Schedules C1 to C4
B5: Transpower's base capex allowance is approved under the IPP as at November 2024 effective for the disclosure years ending 30 June 2026-30 June 2030. As part of the IPP, Transpower is eligible to apply for reopeners to its individual price-quality including a change in its base capex allowances. Under the IPP, Transpower is required to disclose its updated allowances in the form of the below schedules as incrementally applicable after each reopener application.
B6: The below schedules reflect all reopeners approved by the Commerce Commission. We note that as at the signing of the ACS, Transpower has an open reopener application with the Commerce Commission which will be entered into the year it relates to once approved.
B7: IPP Reference: 26.1.8 updated summaries of the approved base capex as set out in Schedules C1 to C4;
B9: Table 5.1.1
B10: IPP Schedule C1: Approved low incentive rate base capex summary - commissioned basis (including capitalised operating leases)
C11: Disclosure year ending | D11: Value of low incentive rate base capex allowance as determined 29 August 2024 | E11: Incremental approved low incentive rate listed project base capex determined in 2025 | F11: Incremental approved low incentive rate listed project base capex determined in 2026 | G11: Incremental approved low incentive rate listed project base capex determined in 2027 | H11: Incremental approved low incentive rate listed project base capex determined in 2028 | I11: Approved low incentive rate base capex allowance for purposes of forecast MAR in the disclosure year
C12: Column 1 | D12: Column 2 | E12: Column 3 | F12: Column 4 | G12: Column 5 | H12: Column 6 | I12: Column 7
C13: 46203 | D13: 0 | I13: =SUM(D13:H13) -> 0
C14: 46568 | D14: 0 | E14: 0 | I14: =SUM(D14:H14) -> 0
C15: 46934 | D15: 0 | E15: 0 | F15: 0 | I15: =SUM(D15:H15) -> 0
C16: 47299 | D16: 0 | E16: 0 | F16: 0 | G16: 0 | I16: =SUM(D16:H16) -> 0
C17: 47664 | D17: 0 | E17: 0 | F17: 0 | G17: 0 | H17: 0 | I17: =SUM(D17:H17) -> 0
B19: Table 5.1.2
B20: IPP Schedule C2: Approved standard incentive rate base capex summary - commissioned basis (including capitalised operating leases)
C21: Disclosure year ending | D21: Value of standard incentive rate base capex allowance as determined 29 August 2024 | E21: Incremental approved standard incentive rate listed project base capex determined in 2025 | F21: Incremental approved standard incentive rate listed project base capex determined in 2026 | G21: Incremental approved standard incentive rate listed project base capex determined in 2027 | H21: Incremental approved standard incentive rate listed project base capex determined in 2028 | I21: Approved standard incentive rate base capex allowance for purposes of forecast MAR in the disclosure year
C22: Column 1 | D22: Column 2 | E22: Column 3 | F22: Column 4 | G22: Column 5 | H22: Column 6 | I22: Column 7
C23: 46203 | D23: 460.52916 | I23: =+SUM(D23:H23) -> 460.52916
C24: 46568 | D24: 585.41123 | E24: 29.402606 | F24: 0 | I24: =+SUM(D24:H24) -> 614.81384
C25: 46934 | D25: 436.99857 | E25: 0 | F25: 32.208568 | I25: =+SUM(D25:H25) -> 469.20714
C26: 47299 | D26: 437.20016 | E26: 0 | F26: 0 | G26: 0 | I26: =+SUM(D26:H26) -> 437.20016
C27: 47664 | D27: 630.37972 | E27: 0 | F27: 50.918542 | G27: 0 | H27: 0 | I27: =+SUM(D27:H27) -> 681.29826
B29: Table 5.1.3
B30: IPP Schedule C3: Approved low incentive rate base capex summary - expenditure basis (excluding capitalised operating leases)
C31: Disclosure year ending | D31: Value of low incentive rate base capex allowance as determined 29 August 2024 | E31: Incremental approved low incentive rate listed project base capex determined in 2025 | F31: Incremental approved low incentive rate listed project base capex determined in 2026 | G31: Incremental approved low incentive rate listed project base capex determined in 2027 | H31: Incremental approved low incentive rate listed project base capex determined in 2028 | I31: Approved low incentive rate base capex allowance for purposes of forecast MAR in the disclosure year
C32: Column 1 | D32: Column 2 | E32: Column 3 | F32: Column 4 | G32: Column 5 | H32: Column 6 | I32: Column 7
C33: 46203 | D33: 0 | I33: =+SUM(D33:H33) -> 0
C34: 46568 | D34: 0 | E34: 0 | I34: =+SUM(D34:H34) -> 0
C35: 46934 | D35: 0 | E35: 0 | F35: 0 | I35: =+SUM(D35:H35) -> 0
C36: 47299 | D36: 0 | E36: 0 | F36: 0 | G36: 0 | I36: =+SUM(D36:H36) -> 0
C37: 47664 | D37: 0 | E37: 0 | F37: 0 | G37: 0 | H37: 0 | I37: =+SUM(D37:H37) -> 0
B39: Table 5.1.4
B40: IPP Schedule C4: Approved standard incentive rate base capex summary - expenditure basis (excluding capitalised operating leases)
C41: Disclosure year ending | D41: Value of standard incentive rate base capex allowance as determined 29 August 2024 | E41: Incremental approved standard incentive rate listed project base capex determined in 2025 | F41: Incremental approved standard incentive rate listed project base capex determined in 2026 | G41: Incremental approved standard incentive rate listed project base capex determined in 2027 | H41: Incremental approved standard incentive rate listed project base capex determined in 2028 | I41: Approved standard incentive rate base capex allowance for purposes of forecast MAR in the disclosure year
C42: Column 1 | D42: Column 2 | E42: Column 3 | F42: Column 4 | G42: Column 5 | H42: Column 6 | I42: Column 7
C43: 46203 | D43: 490.20489 | F43: 2.3 | I43: =+SUM(D43:H43) -> 492.50489
C44: 46568 | D44: 508.81244 | E44: 29.440978 | F44: 9.7 | I44: =+SUM(D44:H44) -> 547.95342
C45: 46934 | D45: 449.43425 | E45: 0 | F45: 59.808568 | I45: =+SUM(D45:H45) -> 509.24281
C46: 47299 | D46: 451.06085 | E46: 0 | F46: 10.8 | G46: 0 | I46: =+SUM(D46:H46) -> 461.86085
C47: 47664 | D47: 466.63714 | E47: 0 | F47: 0 | G47: 0 | H47: 0 | I47: =+SUM(D47:H47) -> 466.63714
B49: ='Directors Certificate'!B57 -> Transpower's Annual Compliance Statement for the year ending 30 June 2026

Sheet Cognos_Office_Connection_Cache

Sheet 6_BaseCapexDisparitiesAdj
B2: Annual Compliance Statement 6. Standard incentive rate base capex - adjustments for CPI and foreign currency disparity
I3: Disclosure Year: | J3: =+'Directors Certificate'!K3 -> 46203
B4: 6.1 - Standard incentive rate base capex allowance - adjusted for actual CPI expenditure basis (excluding capitalised operating leases)
B5: Under the IPP, Transpower is compensated for the disparity between the CPI forecast as used in the IPP application and the actual CPI for each since the base capex allowance was set. The allowances table 6.1.1 is based on the schedules within tab 6 as set out in the IPP and account for reopeners made by Transpower. Amounts are reflected in equivalent dollars to the original allowance or reopener updated allowance and are therefore subject to the CPI adjustment.
B6: IPP Reference: 32.2 For the purposes of any disparity adjustments for calculating the ex-post economic gain or loss in clause 32.1,
B7: Table 6.1.1
F8: Total
D9: Item | E9: IPP reference | F9: Disclosure year (finishing June)
F10: 2026 | G10: =F10+1 -> 2027 | H10: =G10+1 -> 2028 | I10: =H10+1 -> 2029 | J10: =I10+1 -> 2030
B11: C + F | C11: Nominal forecast (as per IPP determination) | D11: Base capex allowance incl. reopeners (standard incentive rate) | E11: Schedule C4 | F11: ='5_BaseCapexAllowance'!I43 -> 492.50489 | G11: ='5_BaseCapexAllowance'!I44 -> 547.95342 | H11: ='5_BaseCapexAllowance'!I45 -> 509.24281 | I11: ='5_BaseCapexAllowance'!I46 -> 461.86085 | J11: ='5_BaseCapexAllowance'!I47 -> 466.63714
B12: D + G | C12: Real forecast (as per IPP determination - 2023 based) | E12: calculated | F12: =F11/'1_Inputs'!I23 -> 451.31422 | G12: =G11/'1_Inputs'!J23 -> 492.27971 | H12: =H11/'1_Inputs'!K23 -> 448.53159 | I12: =I11/'1_Inputs'!L23 -> 398.822 | J12: =J11/'1_Inputs'!M23 -> 395.04547
B13: E + H | C13: Nominal forecast (as per actual CPI outturn) | E13: calculated - when actual CPI is available | F13: =IFERROR(F12*'1_Inputs'!I25,0) -> 498.51658 | G13: =IFERROR(G12*'1_Inputs'!J25,0) -> 0 | H13: =IFERROR(H12*'1_Inputs'!K25,0) -> 0 | I13: =IFERROR(I12*'1_Inputs'!L25,0) -> 0 | J13: =IFERROR(J12*'1_Inputs'!M25,0) -> 0
B15: 6.2 - Standard incentive rate base capex allowance paid for in foreign currency - expenditure basis (excluding capitalised operating leases)
B16: Transpower's has a significant amount of capex paid for in foreign currency. The IPP sets Transpower's allowances using a forecast foreign exchange rate with Transpower having the ability to calculate a wash up on its foreign exchange transactions for the actual gain or loss as a result of the difference between the forecast FX per the IPP and the weighted average exchange rate calculated during the disclosure year.
B17: IPP Reference: 32.2 For the purposes of any disparity adjustments for calculating the ex-post economic gain or loss in clause 32.1
B19: Table 6.2.1 | F19: Disclosure year (finishing June)
C20: FX assumptions | D20: Source reference | F20: 2026 | G20: =F20+1 -> 2027 | H20: =G20+1 -> 2028 | I20: =H20+1 -> 2029 | J20: =I20+1 -> 2030
C21: Forecast FX rate (as per IPP clause 34.2.7 and 34.2.8)
B22: A1 | C22: US$/NZ$ | D22: Transpower IPP determination 2025, Part 5, clause 34.2.7(a) - (e) | F22: 0.61 | G22: 0.61 | H22: 0.61 | I22: 0.61 | J22: 0.61
B23: A2 | C23: EUR/NZ$ | D23: Transpower IPP determination 2025, Part 5, clause 34.2.8(a) | F23: 0.54 | G23: 0.54 | H23: 0.54 | I23: 0.54 | J23: 0.54
B24: A3 | C24: GBP/NZ$ | D24: Transpower IPP determination 2025, Part 5, clause 34.2.8(b) | F24: 0.49 | G24: 0.49 | H24: 0.49 | I24: 0.49 | J24: 0.49
B25: A4 | C25: AU$/NZ$ | D25: Transpower IPP determination 2025, Part 5, clause 34.2.8(c) | F25: 0.9 | G25: 0.9 | H25: 0.9 | I25: 0.9 | J25: 0.9
B26: A5 | C26: JPY/NZ$ | D26: Transpower IPP determination 2025, Part 5, clause 34.2.8(d) | F26: 87.85 | G26: 87.85 | H26: 87.85 | I26: 87.85 | J26: 87.85
B27: A6 | C27: SEK/NZ$ | D27: Transpower IPP determination 2025, Part 5, clause 34.2.8(e) | F27: 6.37 | G27: 6.37 | H27: 6.37 | I27: 6.37 | J27: 6.37
B28: A7 | C28: CA$/NZ$ | D28: Transpower IPP determination 2025, Part 5, clause 34.2.8(f) | F28: 0.8 | G28: 0.8 | H28: 0.8 | I28: 0.8 | J28: 0.8
C29: Actual FX rate (as per Transpower Capex IM)
B30: B1 | C30: US$/NZ$ | D30: weighted average exchange rate obtained by Transpower in its US$ transactions | F30: 0.6187146
B31: B2 | C31: EUR/NZ$ | D31: weighted average exchange rate obtained by Transpower in its EUR transactions | F31: 0.50956166
B32: B3 | C32: GBP/NZ$ | D32: weighted average exchange rate obtained by Transpower in its GBP transactions | F32: 0.43140004
B33: B4 | C33: AU$/NZ$ | D33: weighted average exchange rate obtained by Transpower in its AU$ transactions | F33: 0.85301346
B34: B5 | C34: JPY/NZ$ | D34: weighted average exchange rate obtained by Transpower in its JPY transactions | F34: 0
B35: B6 | C35: SEK/NZ$ | D35: weighted average exchange rate obtained by Transpower in its SEK transactions | F35: 5.449768
B36: B7 | C36: CA$/NZ$ | D36: weighted average exchange rate obtained by Transpower in its CA$ transactions | F36: 0
B43: Table 6.2.2 | F43: Total
C44: Paid in (Currency) | D44: IPP reference | F44: Total
F45: =F20 -> 2026 | G45: =G20 -> 2027 | H45: =H20 -> 2028 | I45: =I20 -> 2029 | J45: =J20 -> 2030
C46: Amount of the standard incentive rate base capex allowance to which the forecast FX rate applies
B47: C1 | C47: USD | D47: Table 5.1 (total amount); Transpower allocation to HVAC and HVDC | F47: 8.6 | G47: 10.6 | H47: 6.8 | I47: 16.3 | J47: 24
B48: C2 | C48: EUR | D48: Table 5.1 (total amount); Transpower allocation to HVAC and HVDC | F48: 3.7 | G48: 5.8 | H48: 3.8 | I48: 2.4 | J48: 3.2
B49: C3 | C49: GBP | D49: Table 5.1 (total amount); Transpower allocation to HVAC and HVDC | F49: 0 | G49: 0 | H49: 0 | I49: 0 | J49: 0
B50: C4 | C50: AUD | D50: Table 5.1 (total amount); Transpower allocation to HVAC and HVDC | F50: 4.7 | G50: 2.2 | H50: 1.7 | I50: 1 | J50: 1.9
B51: C5 | C51: JPY | D51: Table 5.1 (total amount); Transpower allocation to HVAC and HVDC | F51: 0 | G51: 0.1 | H51: 0 | I51: 0.1 | J51: 0
B52: C6 | C52: SEK | D52: Table 5.1 (total amount); Transpower allocation to HVAC and HVDC | F52: 1.7 | G52: 1.5 | H52: 1.3 | I52: 2.1 | J52: 1.9
B53: C7 | C53: CAD | D53: Table 5.1 (total amount); Transpower allocation to HVAC and HVDC | F53: 0 | G53: 0 | H53: 0 | I53: 0 | J53: 0
B54: I = Sum of C1 to C7 | C54: Total | F54: =SUM(F47:F53) -> 18.7 | G54: =SUM(G47:G53) -> 20.2 | H54: =SUM(H47:H53) -> 13.6 | I54: =SUM(I47:I53) -> 21.9 | J54: =SUM(J47:J53) -> 31
C55: Amount of the standard incentive rate base capex allowance adjusted for the actual FX rate
B56: D1 = C1 * A1 / B1 | C56: USD | F56: =IFERROR(F47*F22/F30,) -> 8.4788689 | G56: =IFERROR(G47*G22/G30,) -> 0 | H56: =IFERROR(H47*H22/H30,) -> 0 | I56: =IFERROR(I47*I22/I30,) -> 0 | J56: =IFERROR(J47*J22/J30,) -> 0
B57: D2 = C2 * A2 / B2 | C57: EUR | F57: =IFERROR(F48*F23/F31,) -> 3.9210172 | G57: =IFERROR(G48*G23/G31,) -> 0 | H57: =IFERROR(H48*H23/H31,) -> 0 | I57: =IFERROR(I48*I23/I31,) -> 0 | J57: =IFERROR(J48*J23/J31,) -> 0
B58: D3 = C3 * A3 / B3 | C58: GBP | F58: =IFERROR(F49*F24/F32,) -> 0 | G58: =IFERROR(G49*G24/G32,) -> 0 | H58: =IFERROR(H49*H24/H32,) -> 0 | I58: =IFERROR(I49*I24/I32,) -> 0 | J58: =IFERROR(J49*J24/J32,) -> 0
B59: D4 = C4 * A4 / B4 | C59: AUD | F59: =IFERROR(F50*F25/F33,) -> 4.9588901 | G59: =IFERROR(G50*G25/G33,) -> 0 | H59: =IFERROR(H50*H25/H33,) -> 0 | I59: =IFERROR(I50*I25/I33,) -> 0 | J59: =IFERROR(J50*J25/J33,) -> 0
B60: D5 = C5 * A5 / B5 | C60: JPY | F60: =IFERROR(F51*F26/F34,) -> 0 | G60: =IFERROR(G51*G26/G34,) -> 0 | H60: =IFERROR(H51*H26/H34,) -> 0 | I60: =IFERROR(I51*I26/I34,) -> 0 | J60: =IFERROR(J51*J26/J34,) -> 0
B61: D6 = C6 * A6 / B6 | C61: SEK | F61: =IFERROR(F52*F27/F35,) -> 1.987057 | G61: =IFERROR(G52*G27/G35,) -> 0 | H61: =IFERROR(H52*H27/H35,) -> 0 | I61: =IFERROR(I52*I27/I35,) -> 0 | J61: =IFERROR(J52*J27/J35,) -> 0
B62: D7 = C7 * A7 / B7 | C62: CAD | F62: =IFERROR(F53*F28/F36,) -> 0 | G62: =IFERROR(G53*G28/G36,) -> 0 | H62: =IFERROR(H53*H28/H36,) -> 0 | I62: =IFERROR(I53*I28/I36,) -> 0 | J62: =IFERROR(J53*J28/J36,) -> 0
B63: J = Sum of D1 to D7 | C63: Total | F63: =SUM(F56:F62) -> 19.345833 | G63: =SUM(G56:G62) -> 0 | H63: =SUM(H56:H62) -> 0 | I63: =SUM(I56:I62) -> 0 | J63: =SUM(J56:J62) -> 0
C64: Difference due to actual FX outturn | F64: =+F63-F54 -> 0.64583319
B66: 6.3 - Details of any changes to Transpower's policy of hedging capital expenditure during the disclosure year
B67: Transpower uses foreign exchange contracts to manage foreign exchange risk on operational transactions in accordance with the Transpower Group Treasury policy. Foreign exchange forwards are used to hedge the value back to New Zealand dollars.
B68: IPP Reference: 26.1.9 details of any changes to Transpower's policy of hedging capital expenditure during the disclosure year
C69: No changes.
B71: ='Directors Certificate'!B57 -> Transpower's Annual Compliance Statement for the year ending 30 June 2026

Sheet 7_Base&MajorCapexAdj
B2: Annual Compliance Statement 7. Standard incentive rate base capex and major capex adjustments
F3: Disclosure Year: | G3: =+'4_RAB'!E3 -> 46203
B4: 7.1 - Calculation of base capex adjustment
B5: In line with IPP clause 34.1.3(g), Transpower disclosed the after-tax economic gain or loss of a base capex expenditure adjustment, calculated in accordance with Schedule B, clause B1(1) of the Capex IM
B6: IPP Reference: 34.1 For the purposes of providing the information specified in clause 26.1.5 for the disclosure year, the updated summary of the EV account must show the source of calculation of the EV account entries 34.1.3(g) the after-tax economic gain or loss of a base capex expenditure adjustment, calculated in accordance with Schedule B, clause B1(1) of the Capex IM
B8: Table 7.1.1
C9: Description | G9: Total
C10: Standard incentive rate base capex expenditure adjustment | G10: =G26 -> 17.917435
B11: plus | C11: Low incentive rate base capex expenditure adjustment | G11: =G39 -> 0
C12: Base capex expenditure adjustment | G12: =G10+G11 -> 17.917435
B14: Table 7.1.2
C15: Description | D15: Specification | E15: Capex IM Schedule B, Clause B1 (2) | F15: discrete input | G15: Total
C16: Base capex standard incentive rate | D16: (1 - (1 / ((1 + vanilla WACC)^6))) * 100% | E16: a | F16: ='1_Inputs'!D14 -> 0.32157482
C17: Adjusted standard incentive rate base capex allowance | D17: d + d' + e + f + h | E17: b | G17: =+G19+G20+G21+G22+G24 -> 499.16241
C18: Base capex subject to the base capex standard incentive rate | D18: Base capex annual information required by an ID determination or a s 53ZD notice | E18: c | G18: 450.76533
C19: Standard incentive rate base capex allowance | D19: In accordance with clause 2.2.2(1)(a) of the Transpower Capex IM Determination 2012 | E19: d | G19: ='6_BaseCapexDisparitiesAdj'!F11-G20 -> 490.20489
C20: Approved base capex in respect of listed projects subject to the base capex standard incentive rate | D20: In accordance with clause 3.2.3(5)(d) of the Transpower Capex IM Determination 2012 | E20: d' | G20: ='5_BaseCapexAllowance'!F43 -> 2.3
C21: Adjustment correcting for capex disparity between forecast CPI and actual CPI in respect of d and d' | D21: Base capex annual information required by an ID determination or a s 53ZD notice | E21: e | G21: ='6_BaseCapexDisparitiesAdj'!F13-'6_BaseCapexDisparitiesAdj'!F11 -> 6.0116834
C22: Adjustment correcting for disparity between forecast FX rates and actual FX rates for each relevant currency in respect of d and d' | D22: Base capex annual information required by an ID determination or a s 53ZD notice | E22: f | G22: ='6_BaseCapexDisparitiesAdj'!F64 -> 0.64583319
C23: Adjusted standard incentive rate base capex allowance b to which the base capex standard incentive rate a does not apply | D23: Base capex annual information required by an ID determination or a s 53ZD notice | E23: g | G23: -7.3206968
C24: Adjustment, after correcting for the applicable portions of e and f, in respect of the portion of d that is subject to the base capex allowance adjustment mechanism | D24: Specified in an IPP determination | E24: h | G24: 0
C25: Net standard incentive rate base capex subject to the standard incentive rate | D25: b - c - g | E25: i | G25: =G17-G18-G23 -> 55.717779
C26: Standard incentive rate base capex expenditure adjustment | D26: a * i | G26: =F16*G25 -> 17.917435
C27: note: d` and i are not defined terms in Schedule B1. Included here to increase transparency.
B28: Table 7.1.3
C29: Description | D29: Specification | E29: Schedule B1 (3) Term | F29: Fixed input | G29: Total
C30: Base capex standard low rate | D30: 0.15 | E30: a* | F30: ='1_Inputs'!D15 -> 0.15
C31: Adjusted low incentive rate base capex allowance | D31: d* + d'* + e* + f* | E31: b* | G31: =G33+G34+G35+G36 -> 0
C32: Base capex subject to the base capex low incentive rate | D32: Base capex annual information required by an ID determination or a s 53ZD notice | E32: c* | G32: 0
C33: Low incentive rate base capex allowance | D33: In accordance with clause 2.2.2(1)(a) of the Transpower Capex IM Determination 2012 | E33: d* | G33: 0
C34: Approved base capex in respect of listed projects subject to the base capex low incentive rate | D34: In accordance with clause 3.2.3(5)(d) of the Transpower Capex IM Determination 2012 | E34: d'* | G34: 0
C35: Adjustment correcting for disparity between forecast CPI and actual CPI in respect of d* and d'* | D35: Base capex annual information required by an ID determination or a s 53ZD notice | E35: e* | G35: 0
C36: Adjustment correcting for disparity between forecast FX rates and actual FX rates for each relevant currency in respect of d* and d'* | D36: Base capex annual information required by an ID determination or a s 53ZD notice | E36: f* | G36: 0
C37: Adjusted low incentive rate base capex allowance b to which the base capex standard incentive rate a does not apply | D37: Base capex annual information required by an ID determination or a s 53ZD notice | E37: g* | G37: 0
C38: Net low incentive rate base capex subject to the low incentive rate | D38: b* - c* - g* | E38: h* | G38: =G31-G32-G37 -> 0
C39: Low incentive rate base capex expenditure adjustment | D39: (a*) * (h*) | G39: =F30*G38 -> 0
B41: 7.2 - Calculation of major capex expenditure and output adjustment
B42: In line with IPP clause 34.1.3(h), Transpower disclosed the after-tax economic gain or loss of a major capex expenditure and output adjustment, calculated in accordance with Schedule B, clause B3(1) of the Capex IM
B43: Table 7.2.1
C44: all $m
C45: Description | D45: 2 | E45: Schedule B3 (3) Term | F45: Fixed input | G45: Total
C46: Major capex incentive rate for the approved MCP | D46: In accordance with clause 3.3.5(7) of the Transpower Capex IM Determination 2012 | E46: a | F46: 0.15
C47: Adjusted major capex allowance for the approved MCP | D47: d + e + f | E47: b | G47: =G49+G50+G51 -> 0
C48: Capital expenditure for the approved MCP less exempt major capex | D48: Major capex information required by an ID determination or a s 53ZD notice | E48: c | G48: 0
C49: Major capex allowance for the approved MCP less exempt major capex | D49: In accordance with clause 3.3.5(7) of the Transpower Capex IM Determination 2012 | E49: d | G49: 0
C50: Adjustment correcting for disparity between forecast CPI and actual CPI in respect of d | D50: Major capex information required by an ID determination or a s 53ZD notice | E50: e | G50: 0
C51: Adjustment correcting for disparity between forecast FX rates and actual FX rates for each relevant currency in respect of d | D51: Major capex information required by an ID determination or a s 53ZD notice | E51: f | G51: 0
C52: Estimated part of the major capex allowance for the approved MCP that relates to the approved MCP outputs not delivered | D52: Major capex annual information required by an ID determination or a s 53ZD notice | E52: t | G52: 0
C53: Net major capex subject to the major capex incentive rate | D53: b - t - c | E53: n/a | G53: =+G47-G52-G48 -> 0
C54: Major capex expenditure and output adjustment | D54: a * (b - t - c) | G54: =IF(G48>0,G53*$F$46,) -> 0
B58: ='Directors Certificate'!B57 -> Transpower's Annual Compliance Statement for the year ending 30 June 2026

Sheet 8_OpexAllowance
B2: Annual Compliance Statement 8. Operational Expenditure (opex) Allowances
I3: Disclosure Year: | J3: =+'4_RAB'!E3 -> 46203
B4: 8.1 - opex allowances per the IPP
B5: Transpower's opex allowance is approved under the IPP as at November 2024 effective for the disclosure years ending 30 June 2026-30 June 2030. As part of the IPP, Transpower is eligible to apply for reopeners to its individual price-quality including a change in its opex allowances.
B6: The below schedules reflect all reopeners approved by the Commerce Commission. We note that as at the signing of the ACS, Transpower has an open reopener application with the Commerce Commission which will be entered into the year it relates to once approved.
B7: IPP Reference: Under the IPP Transpower is not required to disclose this schedule as part of the ACS, this is reported for completeness and reconciliation purposes
B10: Table 8.1.1
B11: IPP Schedule C5: Summary of opex allowances (excluding capitalised operating leases)
C12: Disclosure year ending | D12: opex allowance as determined 29 August 2024 | E12: Incremental opex allowance determined in 2025 | F12: Incremental opex allowance determined in 2026 | G12: Incremental opex allowance determined in 2027 | H12: Incremental opex allowance determined in 2028 | I12: opex allowance for purposes of forecast MAR in the disclosure year (sum of columns 2 to 6)
C13: Column 1 | D13: Column 2 | E13: Column 3 | F13: Column 4 | G13: Column 5 | H13: Column 6 | I13: Column 7
C14: 46203 | D14: 421.1 | I14: =+SUM(D14:H14) -> 421.1
C15: 46568 | D15: 419.3 | E15: 15.450302 | I15: =+SUM(D15:H15) -> 434.7503
C16: 46934 | D16: 440.8 | E16: 0 | F16: 16.8 | I16: =+SUM(D16:H16) -> 457.6
C17: 47299 | D17: 445 | E17: 0 | F17: 0 | G17: 0 | I17: =+SUM(D17:H17) -> 445
C18: 47664 | D18: 437.6 | E18: 0 | F18: 0 | G18: 0 | H18: 0 | I18: =+SUM(D18:H18) -> 437.6
B20: Table 8.1.2
B21: IPP Schedule C6: Summary of forecast opex for IRIS (including capitalised operating leases)
C22: Disclosure year ending | D22: Forecast opex for IRIS as determined 29 August 2024 | E22: Incremental forecast opex for IRIS determined in 2025 | F22: Incremental forecast opex for IRIS determined in 2026 | G22: Incremental forecast opex for IRIS determined in 2027 | H22: Incremental forecast opex for IRIS determined in 2028 | I22: Incremental forecast opex for IRIS determined in 2028 Forecast opex for IRIS (sum of columns 2 to 6)
C23: Column 1 | D23: Column 2 | E23: Column 3 | F23: Column 4 | G23: Column 5 | H23: Column 6 | I23: Column 7
C24: 46203 | D24: 432.4 | I24: =+SUM(D24:H24) -> 432.4
C25: 46568 | D25: 432.2 | E25: 15.450302 | I25: =+SUM(D25:H25) -> 447.6503
C26: 46934 | D26: 460.1 | E26: 0 | F26: 16.8 | I26: =+SUM(D26:H26) -> 476.9
C27: 47299 | D27: 457 | E27: 0 | F27: 0 | G27: 0 | I27: =+SUM(D27:H27) -> 457
C28: 47664 | D28: 448.7 | E28: 0 | F28: 0 | G28: 0 | H28: 0 | I28: =+SUM(D28:H28) -> 448.7
B30: ='Directors Certificate'!B57 -> Transpower's Annual Compliance Statement for the year ending 30 June 2026

Sheet 9_Opex
B2: Annual Compliance Statement 9. Operational expenditure (opex)
I3: Disclosure Year: | J3: =+'4_RAB'!E3 -> 46203
B4: 9.1 - Opex allowance and forecast opex
B5: Transpower is required to calculate the ex post economic gain or loss as a result of the difference in its allowances and its actual expenditure. Under the IPP, Transpower is compensated for the disparity between the CPI forecast as used in the IPP application and the actual CPI for each year since the opex allowance was set. The allowances table 8.1.1 is based on the schedules within tab 8 as set out in the IPP and account for reopeners made by Transpower. Amounts are reflected in equivalent dollars to the original allowance or reopener updated allowance and are therefore subject to the CPI adjustment.
B6: IPP Reference: 32.1 For the purposes of annually calculating the ex-post economic gain or loss, Transpower must use: 32.1.7 the opex allowance, excluding operating lease payments capitalised in accordance with the Transpower IM, specified in Schedule C5. For any disparity adjustments for calculating the opex incentive amount in clause 36.2, the forecast CPI that applied when the opex allowance and forecast opex were determined, as specified in Schedule C8. 36.2 For the purposes of clause 36.1 and any disparity adjustments in calculating the opex incentive amount, the forecast CPI that applied when the forecast opex was determined is the same as that set out in Schedule C8.
B8: Table 9.1.1
D9: Item | E9: IPP reference | F9: Disclosure year (finishing June)
F10: 2026 | G10: =F10+1 -> 2027 | H10: =G10+1 -> 2028 | I10: =H10+1 -> 2029 | J10: =I10+1 -> 2030
B11: C + L | C11: Nominal forecast (as per IPP determination) | D11: Opex allowance (excluding operating lease payments otherwise capitalised with the Transpower IM) | E11: Schedule C5 of the IPP | F11: ='8_OpexAllowance'!I14 -> 421.1 | G11: ='8_OpexAllowance'!I15 -> 434.7503 | H11: ='8_OpexAllowance'!I16 -> 457.6 | I11: ='8_OpexAllowance'!I17 -> 445 | J11: ='8_OpexAllowance'!I18 -> 437.6
B12: D + M | D12: Operating lease payments otherwise capitalised with the Transpower IM | E12: calculated | F12: =F13-F11 -> 11.3 | G12: =G13-G11 -> 12.9 | H12: =H13-H11 -> 19.3 | I12: =I13-I11 -> 12 | J12: =J13-J11 -> 11.1
B13: E + N | D13: Forecast opex (including operating lease payments otherwise capitalised with the Transpower IM) | E13: Schedule C6 of the IPP | F13: ='8_OpexAllowance'!I24 -> 432.4 | G13: ='8_OpexAllowance'!I25 -> 447.6503 | H13: ='8_OpexAllowance'!I26 -> 476.9 | I13: ='8_OpexAllowance'!I27 -> 457 | J13: ='8_OpexAllowance'!I28 -> 448.7
B14: F + O | C14: Real forecast (as per IPP determination - 2018 based) | D14: Opex allowance (excluding operating lease payments otherwise capitalised with the Transpower IM) | E14: calculated | F14: =F11/'1_Inputs'!I23 -> 385.88128 | G14: =G11/'1_Inputs'!J23 -> 390.57837 | H14: =H11/'1_Inputs'!K23 -> 403.04556 | I14: =I11/'1_Inputs'!L23 -> 384.26247 | J14: =J11/'1_Inputs'!M23 -> 370.46322
B15: G + P | D15: Operating lease payments otherwise capitalised with the Transpower IM | E15: calculated | F15: =+F12/'1_Inputs'!I23 -> 10.354924 | G15: =G12/'1_Inputs'!J23 -> 11.589321 | H15: =H12/'1_Inputs'!K23 -> 16.999081 | I15: =I12/'1_Inputs'!L23 -> 10.362134 | J15: =J12/'1_Inputs'!M23 -> 9.3970332
B16: H + Q | D16: Forecast opex (including operating lease payments otherwise capitalised with the Transpower IM) | E16: calculated | F16: =+F15+F14 -> 396.2362 | G16: =SUM(G14:G15) -> 402.16769 | H16: =SUM(H14:H15) -> 420.04464 | I16: =SUM(I14:I15) -> 394.6246 | J16: =SUM(J14:J15) -> 379.86025
B17: I + R | C17: Nominal forecast (as per actual CPI outturn) | D17: Opex allowance (excluding operating lease payments otherwise capitalised with the Transpower IM) | E17: calculated | F17: =IFERROR(F14*'1_Inputs'!I25,0) -> 426.24009 | G17: =IFERROR(G14*'1_Inputs'!J25,0) -> 0 | H17: =IFERROR(H14*'1_Inputs'!K25,0) -> 0 | I17: =IFERROR(I14*'1_Inputs'!L25,0) -> 0 | J17: =IFERROR(J14*'1_Inputs'!M25,0) -> 0
B18: J + S | D18: Operating lease payments otherwise capitalised with the Transpower IM | E18: calculated | F18: =IFERROR(F15*'1_Inputs'!I25,0) -> 11.437932 | G18: =IFERROR(G15*'1_Inputs'!J25,0) -> 0 | H18: =IFERROR(H15*'1_Inputs'!K25,0) -> 0 | I18: =IFERROR(I15*'1_Inputs'!L25,0) -> 0 | J18: =IFERROR(J15*'1_Inputs'!M25,0) -> 0
B19: K + T | D19: Forecast opex (including operating lease payments otherwise capitalised with the Transpower IM) | E19: calculated | F19: =+F18+F17 -> 437.67802 | G19: =SUM(G17:G18) -> 0 | H19: =SUM(H17:H18) -> 0 | I19: =SUM(I17:I18) -> 0 | J19: =SUM(J17:J18) -> 0
C21: Reader Note: Transpower's total nominal opex allowance and nominal forecast opex are specified in the IPP determination 2025. The nominal forecast of operating lease payments otherwise capitalised with the Transpower IM simply is the difference of the two.
B23: 9.2 - Differences between the forecast opex and actual opex
B24: Transpower forecasts the expected opex expenditure as part of the IPP requirements, Transpower is required to disclose the difference in the forecast opex per the IPP and the actual opex spent during the year, including for the operating lease payments otherwise capitalised.
B25: IPP Reference: 26.1.7 an explanation for the difference between the forecast opex and actual opex, including in each forecast amount and actual amount, the operating lease payments otherwise capitalised in accordance with the Transpower IM;
B27: Table 9.2.1
C28: Operating Expenditure | F28: Disclosure year (finishing June)
F29: 2026 | G29: =F29+1 -> 2027 | H29: =G29+1 -> 2028 | I29: =H29+1 -> 2029 | J29: =I29+1 -> 2030
C30: Forecast opex - (excluding operating lease payments otherwise capitalised with the Transpower IM) - updated for actual CPI | E30: calculated | F30: =F17 -> 426.24009 | G30: =G17 -> 0 | H30: =H17 -> 0 | I30: =I17 -> 0 | J30: =J17 -> 0
B31: less | C31: Actual opex | E31: Actuals | F31: 402.13072
C32: Difference | F32: =F30-F31 -> 24.10937 | G32: =G30-G31 -> 0 | H32: =H30-H31 -> 0 | I32: =I30-I31 -> 0 | J32: =J30-J31 -> 0
C34: Explanation for the difference (the current disclosure year)
C35: Variance is driven by increase in insurance premiums and higher operational maintenance costs.
B37: Table 9.2.2 | H37: $m
C38: Lease Payments | F38: Disclosure year (finishing June)
F39: 2026 | G39: =F39+1 -> 2027 | H39: =G39+1 -> 2028 | I39: =H39+1 -> 2029 | J39: =I39+1 -> 2030
C40: Operating lease payments | E40: calculated | F40: =+F18 -> 11.437932 | G40: =+G18 -> 0 | H40: =+H18 -> 0 | I40: =+I18 -> 0 | J40: =+J18 -> 0
B41: less | C41: Actual operating lease payments otherwise capitalised with the Transpower IM | E41: Actuals | F41: 12.728786
C42: Difference | F42: =F40-F41 -> -1.2908543 | G42: =G40-G41 -> 0 | H42: =H40-H41 -> 0 | I42: =I40-I41 -> 0 | J42: =J40-J41 -> 0
C44: Explanation for the difference (the current disclosure year)
B47: Table 9.2.3
C48: Total | F48: Disclosure year (finishing June)
F49: 2026 | G49: =F49+1 -> 2027 | H49: =G49+1 -> 2028 | I49: =H49+1 -> 2029 | J49: =I49+1 -> 2030
C50: Total opex and operating lease payments | E50: calculated | F50: =+F30+F40 -> 437.67802 | G50: =+G19 -> 0 | H50: =+H19 -> 0 | I50: =+I19 -> 0 | J50: =+J19 -> 0
B51: less | C51: Actual opex and operating lease payments | E51: calculated | F51: =+F31+F41 -> 414.85951
C52: Difference | F52: =F50-F51 -> 22.818516 | G52: =G50-G51 -> 0 | H52: =H50-H51 -> 0 | I52: =I50-I51 -> 0 | J52: =J50-J51 -> 0
B54: ='Directors Certificate'!B57 -> Transpower's Annual Compliance Statement for the year ending 30 June 2026

Sheet 10_EVAccount
B2: Annual Compliance Statement 10. EV Account Summary, Entries and Forecasts
G3: Disclosure Year: | H3: =+'4_RAB'!E3 -> 46203
B4: 10.1 - An updated summary of the EV account as set out in Schedule B
B5: The EV account (Economic Value account) is a regulatory account used to track amounts that need to be returned to, or recovered from, customers in future regulatory periods under the IPP framework. It does not represent physical assets or cash held by Transpower. Instead, it records timing differences between forecast and actual regulatory outcomes. Note: - a positive - account balance is a $ amount that Transpower will rcover from customers and a negative (-) account balance is a $ amount that Transpower will repay customers. - EV account entries for the remaining future disclosure years purely reflect timing differences in how Transpower collects its total maximum allowable revenue across RCP4. This is a result of the Commerce Commission setting a smoothed revenue path for Transpower in RCP4 (i.e. Transpower's maximum allowable revenue in RCP4 is levelised across the five years, smoothing the annual maximum allowable revenue (MAR) in net present value neutral terms across RCP4 (referred to as SMAR))
B6: IPP Reference: 26.1.5 an updated summary of the EV account as set out in Schedule B and an updated forecast EV account balance at the end of RCP4, where these are supported by the further information required in clause 34.1, and where the EV account entries are calculated in accordance with clause 34.2; 34.1.1 a reconciliation of the opening and closing balances of the EV account that takes into account: (a) the opening balance of the EV account; (b) the calculation of interest at the post-tax estimate corresponding to WACC on the opening balance of the EV account; (c) EV account entries; and (d) post-tax amounts included in calculating the forecast EV adjustments in respect of the closing EV account balance for the final disclosure year of RCP3.
B8: Table 10.1.1
B9: IPP Schedule B: EV account summary
C10: Item | D10: Description | E10: Schedule B reference | F10: discrete input | G10: Disclosure year (finishing June)
C11: Column 1 | D11: Column 3 | E11: Column 2 | G11: 2026 | H11: 2027 | I11: 2028 | J11: 2029 | K11: 2030
C12: Opening EV account balance (for the disclosure year) | D12: Closing balance in the EV account for the previous disclosure year | E12: A | G12: 116.44305 | H12: =+G17 -> 150.17174 | I12: =+H17 -> 0
C13: Post-tax WACC | D13: The post-tax estimate corresponding to WACC | E13: B | F13: ='1_Inputs'!D13 -> 0.0644
C14: Interest on opening EV account balance | D14: Opening EV account balance multiplied by the post-tax estimate corresponding to WACC | E14: C = A * B | F14: Calculated | G14: =+G12*$F$13 -> 7.4989322 | H14: =+H12*$F$13 -> 9.6710601 | I14: =+I12*$F$13 -> 0 | J14: =+J12*$F$13 -> 0 | K14: =+K12*$F$13 -> 0
C15: EV account entries | D15: The EV account entries calculated in accordance with clause 34.2 | E15: D | F15: Calculated | G15: =G36 -> 59.412525
C16: Post-tax amount included in calculating the forecast EV adjustment for the disclosure year in respect of the closing EV account balance for the final disclosure year of RCP3 | D16: Amount for the disclosure year in RCP4 in respect of the forecast closing post-tax EV account balance for the final disclosure year of RCP3, as set out in clause 35.1 | E16: E | G16: ='3_RevenueBuildingBlocks'!I81 -> 33.182764 | I16: 33.182764 | K16: 33.182764
C17: Closing EV account balance (for the disclosure year) | D17: Opening EV account balance plus interest on opening EV account balance, plus EV account entries, minus forecast EV adjustment | E17: F = A + C + D - E | G17: =SUM(G12:G15)-G16 -> 150.17174
B19: 10.2 - EV account entries
B20: The EV account exists to ensure intertemporal neutrality between Transpower and consumers. It smooths the effects of wash‑up outcomes (differences between forecast and actual revenues, opex, incentives, etc.), and incentive scheme outcomes (including efficiency incentives), so that customers ultimately pay (or are refunded) the economic value implied by the regulatory settings.
B21: IPP Reference: 34.1.3 the source of calculation of the EV account entries referred to in clause 34.1.1(c) for: (a) the ex-post economic gain or loss calculated for the final disclosure year of RCP3; (b) the after-tax gain or loss in respect of an instrument that ceases to be an effective hedge for the final disclosure year of RCP3; (c) the after-tax gain or loss in respect of a commodity instrument that is not an effective hedge for the final disclosure year of RCP3; (d) the ex-post economic gain or loss for the disclosure year; (e) the after-tax gain or loss on capital expenditure commitments; (f) the after-tax economic gain or loss of a grid output adjustment, calculated in accordance with Schedule B, clause B2(1) of the Capex IM; (g) the after-tax economic gain or loss of a base capex expenditure adjustment, calculated in accordance with Schedule B, clause B1(1)of the Capex IM; (h) the after-tax economic gain or loss of a major capex expenditure and output adjustment, calculated in accordance with Schedule B, clause B3(1) of the Capex IM; (i) the after-tax amount of a major capex sunk costs adjustment, calculated in accordance with clause 3.3.7 of the Capex IM; (j) any RCP4 HVDC transitional adjustment; and (k) any adjustment offsetting a RCP4 HVDC transitional adjustment under clause 11.3.
B23: Table 10.2.1
C24: EV account entry | D24: Comment | F24: IPP reference | G24: Total
C25: The ex-post economic gain or loss calculated for the final disclosure year of RCP3 | D25: This value is reflected in the opening EV account balance for RCP4 (or the closing EV account balance for the final disclosure year of RCP3 which takes into account the ex-post economic gain or loss for that year). | F25: 34.1.3(a) | G25: n/a
B26: plus | C26: The after-tax gain or loss in respect of an instrument that ceases to be an effective hedge for the final disclosure year of RCP3 | D26: none | F26: 34.1.3(b) | G26: 0
B27: plus | C27: The after-tax gain or loss in respect of a commodity instrument that is not an effective hedge for the final disclosure year of RCP3 | D27: none | F27: 34.1.3(c) | G27: 0
B28: plus | C28: The ex-post economic (gain) or loss for the disclosure year | F28: 34.1.3(d) | G28: ='3_RevenueBuildingBlocks'!I82 -> 36.660563
B29: plus | C29: The after tax gain or loss on capital expenditure commitments | D29: none | F29: 34.1.3(e) | G29: 0
B30: plus | C30: The after-tax economic gain or loss of a grid output adjustment, calculated in accordance with Schedule B, clause B2(1) of the Capex IM | F30: 34.1.3(f) | G30: ='13_RevenueLinkedQualityMeasures'!I29/1000000 -> 0.29334944
B31: plus | C31: The after-tax economic gain or loss of a base capex expenditure adjustment, calculated in accordance with Schedule B, clause B1(1) of the Capex IM | F31: 34.1.3(g) | G31: ='7_Base&MajorCapexAdj'!G12 -> 17.917435
B32: plus | C32: The after-tax economic gain or loss of a major capex expenditure and output adjustment, calculated in accordance with Schedule B, clause B3(1) of the Capex IM | F32: 34.1.3(h) | G32: =-'7_Base&MajorCapexAdj'!G54 -> 0
B33: plus | C33: The after tax amount of a major capex sunk costs adjustment, calculated in accordance with clause 3.3.7 of the Capex IM | D33: none | F33: 34.1.3(i) | G33: 0
B34: plus | C34: Any RCP4 HVDC transitional adjustment | F34: 34.1.3(j) | G34: 0
B35: plus | C35: Any adjustment offsetting a RCP4 HVDC transitional adjustment under IPP clause 11.3. | F35: 34.1.3(k) | G35: 4.5411778
C36: EV account entries | G36: =SUM(G25:G35) -> 59.412525
B40: 10.3 - Adjustment to the EV account from a normalisation event, where a normalisation event is excluded from a calculation made for a revenue-linked grid output measure
B41: IPP Reference: 26.1.10 where a normalisation event is excluded from a calculation made for a revenue-linked grid output measure in accordance with clause 21.1 for a disclosure year, a description of the adjustment to the EV account to reflect the effect on the grid output adjustment for that disclosure year.
B45: ='Directors Certificate'!B57 -> Transpower's Annual Compliance Statement for the year ending 30 June 2026

Sheet 11_Pass-Through&Recoverables
B2: Annual Compliance Statement 11. A summary of pass-through costs and recoverable costs for the disclosure year as set out in Schedule H
E3: Disclosure Year: | F3: =+'4_RAB'!$E$3 -> 46203
B4: 11.1 - Summary of actual pass-through costs and recoverable costs
B5: Under Transpower’s regulatory framework, pass‑through costs and recoverable costs are specific categories of costs that sit outside normal forecast opex allowances and are instead adjusted for actuals. They are disclosed annually and flow through allowed revenue and the EV account as required. - Pass‑through costs are costs that are automatically passed through to customers because they are largely outside Transpower’s control and not subject to efficiency incentives. - Recoverable costs are costs that may be recovered from customers if specific IM conditions are met, often relating to exceptional or event‑driven circumstances.
B6: IPP Reference: 26.1.6 a summary of pass-through costs and recoverable costs for the disclosure year as set out in Schedule H
B8: Table 11.1.1
B9: IPP Schedule H: Summary of actual pass-through costs and recoverable costs
C10: Item | D10: Description | E10: Schedule H reference | F10: Total
C11: Column 1 | D11: Column 3 | E11: Column 2
C12: Local authority rates | D12: Rates payable to a local authority on system fixed assets clause 3.1.2(2)a | E12: A | F12: 8.6552402
C13: Commerce Act levies | D13: Levies payable in accordance with clause 3.1.2(2)(b)(i) of the Transpower IM | E13: B | F13: 1.0606171
C14: Electricity Authority levies | D14: Levies payable in accordance with clause 3.1.2(2)(b)(ii) of the Transpower IM | E14: C | F14: 9.3594882
C15: Utilities Disputes Limited levies | D15: Levies payable in accordance with clause 3.1.2(2)(b)(iii) of the Transpower IM | E15: D | F15: 0.1384438
C16: Other pass-through costs levies | D16: Any other levies that are pass-through costs in accordance with clause 3.1.2(1)(b) of the Transpower IM | E16: E | F16: 0
C17: Total pass-through costs | D17: Sum of values from A to E | E17: F | F17: =SUM(F11:F16) -> 19.213789
C18: Incremental rolling incentive scheme recoverable costs | D18: Sum of recoverable costs under the incremental rolling incentive scheme (opex incentive) in accordance with clause 3.1.3(1)(a) of the Transpower IM | E18: G | F18: 3.1710635
C19: Instantaneous reserves availability charge | D19: Instantaneous reserves availability charges in accordance with clause 3.1.3(1)(b) of the Transpower IM | E19: H | F19: 1.164125
C20: Transmission alternative operating costs | D20: Transmission alternative operating costs in accordance with clause 3.1.3(1)(c) of the Transpower IM | E20: I | F20: 0
C21: Operating costs incurred as part of a major capex project | D21: The amount of any operating costs that are recoverable costs in accordance with clause 3.1.3(1)(d) of the Transpower IM | E21: J | F21: 0
C22: Net additional operating costs incurred in responding to a catastrophic event | D22: The amount of recoverable costs in accordance with clause 3.1.3(1)(e) of the Transpower IM | E22: K | F22: 0
A23: ` | C23: Any levy payable to Fire and Emergency New Zealand under the Fire and Emergency New Zealand Act 2017 | D23: The amount of recoverable costs in accordance with clause 3.1.3(1)(f) of the Transpower IM | E23: L | F23: 0.3056457
C24: Total recoverable costs | D24: Sum of values from G to L | E24: M | F24: =SUM(F18:F23) -> 4.6408342
C25: Total pass-through and recoverable costs | D25: F+M | E25: N | F25: =F17+F24 -> 23.854623
B27: 11.2 - A description and explanation of any opex incurred as part of a major capex project
B28: IPP Reference: 26.1.6(a) a description and explanation of any operating costs incurred as part of a major capex project
C30: n/a
B32: 11.3 - A summary of any prudent net additional opex incurred in responding to a catastrophic event, as determined by the Commission
B33: IPP Reference: 26.1.6(b) a summary of any prudent net additional operating costs incurred in responding to a catastrophic event, as determined by the Commission
C35: n/a
B37: ='Directors Certificate'!B57 -> Transpower's Annual Compliance Statement for the year ending 30 June 2026

Sheet 12_Tax
B2: Annual Compliance Statement 12. Regulatory Tax Allowance
D3: Disclosure Year: | E3: =+'4_RAB'!$E$3 -> 46203
B4: 12.1 - Regulatory Tax allowance
B5: Transpower’s regulatory tax allowance is the income tax building block included in its regulated revenue under the Individual Price‑Quality Path (IPP). It represents a notional allowance for income tax payable, calculated in accordance with the Transpower Input Methodologies (IMs) rather than Transpower’s actual accounting tax position. The allowance is designed to ensure that Transpower can recover the tax costs associated with earning its regulated return, while maintaining neutrality between Transpower and consumers over time.
B6: IPP Reference: 32.1.9 the regulatory tax allowance calculated: (a) by applying the tax rules and corporate tax rate to the regulatory profit/(loss) before tax in accordance with Part 2, Subpart 3 of the Transpower IM; (b) using the term credit spread differential allowance calculated in accordance with Part 2, Subpart 4 of the Transpower IM; and (c) using as the amount of regulatory profit/(loss) before tax for the purpose of this calculation, the sum of: (i) the regulatory profit/(loss) before tax disclosed by Transpower for the disclosure year in accordance with the ID determination; and (ii) the term credit spread differential allowance calculated in subclause (b);
B8: Table 12.1.1
D9: Fixed Input | E9: Total
C10: Transmission revenue received for the pricing year | E10: ='2_Revenue'!D33 -> 981.79489
B11: less | C11: opex allowance | E11: =-'9_Opex'!F17 -> -426.24009
B12: less | C12: Pass-through costs | E12: =-'11_Pass-Through&Recoverables'!F17 -> -19.213789
B13: less | C13: Recoverable costs | E13: =-'11_Pass-Through&Recoverables'!F24 -> -4.6408342
B14: less | C14: Depreciation | E14: =-E27 -> -377.52555
B15: less | C15: Notional deductible interest | E15: =-E36 -> -118.68786
B16: A | C16: Regulatory profit/loss before tax | E16: =SUM(E10:E15) -> 35.486767
B17: B | C17: Corporate tax rate | D17: ='1_Inputs'!D10 -> 0.28
B18: A*B | C18: Regulatory tax allowance | E18: =E16*D17 -> 9.9362948
B20: Table 12.1.2
D21: Fixed input | E21: Total
C22: Tax depreciation on RAB assets | E22: 288.12659
B23: plus | C23: Tower painting & attachment points | E23: 64.261864
B24: plus | C24: Dismantling & other write offs | E24: 7.8204212
B25: plus | C25: Tax write-offs | E25: 4.5878861
B26: plus | C26: Operating leases costs capitalised under GAAP | E26: ='9_Opex'!F41 -> 12.728786
C27: Depreciation | E27: =SUM(E22:E26) -> 377.52555
B29: Table 12.1.3
D30: Fixed input | E30: Total
B31: A | C31: Opening RAB value | E31: ='4_RAB'!E10 -> 5224.3984
B32: B | C32: Leverage | D32: 0.41
B33: C | C33: Cost of debt | D33: 0.0544
C34: Notional deductible interest (before TCSD allowance) | E34: =E31*D32*D33 -> 116.52498
B35: plus | C35: Term Credit Spread Differential (TCSD) allowance | E35: 2.1628729
C36: Notional deductible interest | E36: =E34+E35 -> 118.68786
C38: Note: The Transpower Input Methodologies Determination (consolidated 4 June 2026), Part 2, Subpart 3, clause 2.3.1(1), the regulatory tax allowance is determined by applying the tax rules and corporate tax rate to the 'regulatory profit / (loss) before tax', and clause 2.3.1(2) as determined in accordance with an ID determination. The above calculation complies with these requirements except for the amount of opex that is included. In line with Transpower's practice during RCP3, this calculation uses the opex allowance (and not actual opex), consistent with the amount of opex that is included in Schedule C5 of the Transpower IPP determination 2025 (adjusted for actual CPI outturn).
B40: ='Directors Certificate'!B57 -> Transpower's Annual Compliance Statement for the year ending 30 June 2026

Sheet Quality performance
B4: Quality Performance

Sheet 13_RevenueLinkedQualityMeasures
B2: Annual Compliance Statement 13. Revenue Linked Quality Measures
H3: Disclosure Year: | I3: =+'4_RAB'!$E$3 -> 46203
B4: 13.1 - Grid output adjustment
B5: The grid output adjustment is a revenue adjustment mechanism that links Transpower’s allowed revenue to the outputs or benefits delivered by the grid, rather than purely to expenditure. It is calculated annually and, where applicable, recorded as an EV account entry under Transpower’s IPP framework. The grid output adjustment is intended to incentivise Transpower to deliver efficient grid outputs and benefits, including reductions in risk and improvements in grid capability; and align revenue outcomes with what the grid delivers, not just what is spent.
B6: IPP Reference: 25.2 The annual compliance statement must: 25.2.1 state whether or not Transpower has: (b) complied with the requirement to publicly disclose, in accordance with the ID determination, its annual grid output adjustment calculation for the disclosure year, including the values for ‘m’ calculated in accordance with Schedule B, clause B2(1) of the Capex IM; and (c) complied with requirements related to grid output adjustment calculations and public disclosure 20.1 Transpower must calculate the grid output adjustment for each disclosure year for the revenue-linked grid output measures. 20.2 For measures of grid performance GP1 and GP2 and asset performance measures AP1 and AP2, the grid output target, cap, collar, and grid output incentive rate in Tables 4.2 and 4.3 apply. 20.3 For the purposes of calculating the grid output adjustment, the output achieved is: 20.3.1 for each of the point of service sub-categories GP1A, GP1B, GP1C, GP1D, GP1E and GP1F, the sub-category’s assessed value under clause 15.3; 20.3.2 for each of the point of service sub-categories GP2A, GP2B, GP2C, GP2D, GP2E and GP2F, the sub-category’s assessed value under clause 17.3; 20.3.3 for asset performance measure AP1, the percentage of HVDC energy availability as calculated under clause 18.2; and 20.3.4 for asset performance measure AP2, the percentage of time that the HVAC assets listed in Schedule G are available as calculated under clause 19.2.
B8: Table 13.1
C9: Measure and category | D9: Cap | E9: Target | F9: Collar | G9: Incentive rate | H9: Assessed value | I9: Grid output adjustment
D10: k | E10: n | F10: j | G10: l | H10: m | I10: i
C11: GP1: Number of interruptions (per annum) | G11: $ per event
C12: N-1 security high economic consequence | D12: ='14_QualityStandards'!D10 -> 0 | E12: ='14_QualityStandards'!E10 -> 4 | F12: ='14_QualityStandards'!F10 -> 8 | G12: ='14_QualityStandards'!H10 -> 789666 | H12: ='14_QualityStandards'!D20 -> 4 | I12: =+(E12-MAX(MIN(H12,F12),D12))*G12 -> 0
C13: N-1 security material economic consequence | D13: ='14_QualityStandards'!D11 -> 4 | E13: ='14_QualityStandards'!E11 -> 21 | F13: ='14_QualityStandards'!F11 -> 38 | G13: ='14_QualityStandards'!H11 -> 170537 | H13: ='14_QualityStandards'!D21 -> 18 | I13: =+(E13-MAX(MIN(H13,F13),D13))*G13 -> 511611
C14: N security high economic consequence | D14: ='14_QualityStandards'!D12 -> 0 | E14: ='14_QualityStandards'!E12 -> 2 | F14: ='14_QualityStandards'!F12 -> 4 | G14: ='14_QualityStandards'!H12 -> 185592 | H14: ='14_QualityStandards'!D22 -> 2 | I14: =+(E14-MAX(MIN(H14,F14),D14))*G14 -> 0
C15: N security material economic consequence | D15: ='14_QualityStandards'!D13 -> 4 | E15: ='14_QualityStandards'!E13 -> 15 | F15: ='14_QualityStandards'!F13 -> 26 | G15: ='14_QualityStandards'!H13 -> 57795 | H15: ='14_QualityStandards'!D23 -> 7 | I15: =+(E15-MAX(MIN(H15,F15),D15))*G15 -> 462360
C16: N-1 security generator | D16: ='14_QualityStandards'!D14 -> 4 | E16: ='14_QualityStandards'!E14 -> 9 | F16: ='14_QualityStandards'!F14 -> 14 | G16: ='14_QualityStandards'!H14 -> 50000 | H16: ='14_QualityStandards'!D24 -> 6 | I16: =+(E16-MAX(MIN(H16,F16),D16))*G16 -> 150000
C17: N security generator | D17: ='14_QualityStandards'!D15 -> 4 | E17: ='14_QualityStandards'!E15 -> 7 | F17: ='14_QualityStandards'!F15 -> 10 | G17: ='14_QualityStandards'!H15 -> 83333 | H17: ='14_QualityStandards'!D25 -> 12 | I17: =+(E17-MAX(MIN(H17,F17),D17))*G17 -> -249999
C18: GP2: Average duration of interruption (min) | G18: $ per event
C19: N-1 security high economic consequence | D19: ='14_QualityStandards'!D45 -> 23 | E19: ='14_QualityStandards'!E45 -> 73 | F19: ='14_QualityStandards'!F45 -> 123 | G19: ='14_QualityStandards'!H45 -> 63173 | H19: ='14_QualityStandards'!D55 -> 105 | I19: =+(E19-MAX(MIN(H19,F19),D19))*G19 -> -2021536
C20: N-1 security material economic consequence | D20: ='14_QualityStandards'!D46 -> 27 | E20: ='14_QualityStandards'!E46 -> 74 | F20: ='14_QualityStandards'!F46 -> 121 | G20: ='14_QualityStandards'!H46 -> 61683 | H20: ='14_QualityStandards'!D56 -> 80.777778 | I20: =+(E20-MAX(MIN(H20,F20),D20))*G20 -> -418073.67
C21: N security high economic consequence | D21: ='14_QualityStandards'!D47 -> 15 | E21: ='14_QualityStandards'!E47 -> 66 | F21: ='14_QualityStandards'!F47 -> 117 | G21: ='14_QualityStandards'!H47 -> 7278 | H21: ='14_QualityStandards'!D57 -> 90 | I21: =+(E21-MAX(MIN(H21,F21),D21))*G21 -> -174672
C22: N security material economic consequence | D22: ='14_QualityStandards'!D48 -> 0 | E22: ='14_QualityStandards'!E48 -> 104 | F22: ='14_QualityStandards'!F48 -> 208 | G22: ='14_QualityStandards'!H48 -> 6113 | H22: ='14_QualityStandards'!D58 -> 68.571429 | I22: =+(E22-MAX(MIN(H22,F22),D22))*G22 -> 216574.86
C23: N-1 security generator | D23: ='14_QualityStandards'!D49 -> 30 | E23: ='14_QualityStandards'!E49 -> 225 | F23: ='14_QualityStandards'!F49 -> 420 | G23: ='14_QualityStandards'!H49 -> 1282 | H23: ='14_QualityStandards'!D59 -> 84.833333 | I23: =+(E23-MAX(MIN(H23,F23),D23))*G23 -> 179693.67
C24: N security generator | D24: ='14_QualityStandards'!D50 -> 0 | E24: ='14_QualityStandards'!E50 -> 123 | F24: ='14_QualityStandards'!F50 -> 246 | G24: ='14_QualityStandards'!H50 -> 2033 | H24: ='14_QualityStandards'!D60 -> 80.083333 | I24: =+(E24-MAX(MIN(H24,F24),D24))*G24 -> 87249.583
C25: AP1: HVDC availability (%) | G25: $ per 1%
C26: HVDC availability | D26: ='14_QualityStandards'!D79 -> 0.99 | E26: ='14_QualityStandards'!E79 -> 0.98 | F26: ='14_QualityStandards'!F79 -> 0.97 | G26: ='14_QualityStandards'!H79 -> 1000000 | H26: ='14_QualityStandards'!D83 -> 0.9822 | I26: =-(E26-MAX(MIN(H26,D26),F26))*G26*100 -> 220000
C27: AP2: HVAC availability (%) | G27: $ per 1%
C28: HVAC availability | D28: ='14_QualityStandards'!D94 -> 0.9862 | E28: ='14_QualityStandards'!E94 -> 0.9825 | F28: ='14_QualityStandards'!F94 -> 0.9787 | G28: ='14_QualityStandards'!H94 -> 5320564 | H28: ='14_QualityStandards'!D98 -> 0.985 | I28: =-(E28-MAX(MIN(H28,D28),F28))*G28*100 -> 1330141
C29: Total grid output adjustment | I29: =SUM(I12:I28) -> 293349.44
B31: Reader Note: The formulae used to calculate the grid output adjustments (Term I) for GP1, GP2, AP1 and AP2 are based on the targets, caps collars, quality standard and grid output incentive rates for revenue-linked grid output measures in Table 4.2 and Table 4.3 of the IPP.
B33: ='Directors Certificate'!B57 -> Transpower's Annual Compliance Statement for the year ending 30 June 2026

Sheet 14_QualityStandards
B2: Annual Compliance Statement 14. Quality Standards - Grid Performance (GP), Asset Performance (AP), Grid Output Adjustments and Asset Health
M3: Disclosure Year: | N3: =+'4_RAB'!$E$3 -> 46203
B4: 14.1 - GP1: Number of interruptions (per annum)
B5: GP1 (Grid Performance 1) is a grid output measure that sits within the grid output mechanism under Transpower’s IPP. It is designed to incentivise Transpower to deliver measurable grid performance outcomes, rather than focusing solely on expenditure. GP1 is a Commission‑specified grid performance measure used in Transpower’s grid output mechanism to link allowed revenue to grid performance outcomes, with any resulting adjustment flowing through the EV account. GP1 measures the total number of unplanned interruptions for each point of service sub-category during a disclosure year.
B6: IPP Reference: 14.1 Transpower complies with the GP1 quality standard for a disclosure year: 14.1.1 if it complies with the measure of grid performance GP1 assessment for that disclosure year; or 15.1 For Transpower to comply with the measure of grid performance GP1 assessment for a disclosure year, the assessed value for 4 or more point of service subcategories must not exceed the quality limit specified for the disclosure year for the point of service sub-category in Table 15.2 For each disclosure year, Transpower must calculate an assessed value for each point of service sub-category. 15.3 The assessed value for a point of service sub-category for a disclosure year is the sum of unplanned interruptions that commenced in the disclosure year for the point of service sub-category. 15.4 For the purposes of clause 14.1.2, Transpower has complied with the measure of grid performance GP1 assessment for a disclosure year in RCP3 if it complied with the assessment for that disclosure year in accordance with Part 4 of the RCP3 IPP.
B7: Table 14.1.1
C8: Measure and category | D8: Cap | E8: Target | F8: Collar | G8: Point of service sub-category limits | H8: Incentive rate per event
D9: k | E9: n | F9: j | G9: q | H9: i ($)
C10: N-1 security high economic consequence | D10: 0 | E10: 4 | F10: 8 | G10: 8 | H10: 789666
C11: N-1 security material economic consequence | D11: 4 | E11: 21 | F11: 38 | G11: 38 | H11: 170537
C12: N security high economic consequence | D12: 0 | E12: 2 | F12: 4 | G12: 4 | H12: 185592
C13: N security material economic consequence | D13: 4 | E13: 15 | F13: 26 | G13: 26 | H13: 57795
C14: N-1 security generator | D14: 4 | E14: 9 | F14: 14 | G14: 14 | H14: 50000
C15: N security generator | D15: 4 | E15: 7 | F15: 10 | G15: 10 | H15: 83333
B17: Table 14.1.2 | D17: 2026 | F17: 2027 | H17: 2028 | J17: 2029 | L17: 2030
C18: Measure and category | D18: Assessed value | E18: Complied with Quality Limit | F18: Assessed value | G18: Complied with Quality Limit | H18: Assessed value | I18: Complied with Quality Limit | J18: Assessed value | K18: Complied with Quality Limit | L18: Assessed value | M18: Complied with Quality Limit
C19: Overall compliance with measure | D19: =IF(COUNTIF(E20:E26,"?*")=0, "", IF(COUNTIF(E20:E26, "Yes")>4, "Complies", "Non Compliant")) -> Complies | F19: =IF(COUNTIF(G20:G26,"?*")=0, "", IF(COUNTIF(G20:G26, "Yes")>4, "Complies", "Non Compliant")) | H19: =IF(COUNTIF(I20:I26,"?*")=0, "", IF(COUNTIF(I20:I26, "Yes")>4, "Complies", "Non Compliant")) | J19: =IF(COUNTIF(K20:K26,"?*")=0, "", IF(COUNTIF(K20:K26, "Yes")>4, "Complies", "Non Compliant")) | L19: =IF(COUNTIF(M20:M26,"?*")=0, "", IF(COUNTIF(M20:M26, "Yes")>4, "Complies", "Non Compliant"))
C20: N-1 security high economic consequence | D20: 4 | E20: =IF(LEN(D20)=0, "", IF(D20<=F10, "Yes", "No")) -> Yes | G20: =IF(LEN(F20)=0, "", IF(F20<=F10, "Yes", "No")) | I20: =IF(LEN(H20)=0, "", IF(H20<=F10, "Yes", "No")) | K20: =IF(LEN(J20)=0, "", IF(J20<=F10, "Yes", "No")) | M20: =IF(LEN(L20)=0, "", IF(L20<=F10, "Yes", "No"))
C21: N-1 security material economic consequence | D21: 18 | E21: =IF(LEN(D21)=0, "", IF(D21<=F11, "Yes", "No")) -> Yes | G21: =IF(LEN(F21)=0, "", IF(F21<=F11, "Yes", "No")) | I21: =IF(LEN(H21)=0, "", IF(H21<=F11, "Yes", "No")) | K21: =IF(LEN(J21)=0, "", IF(J21<=F11, "Yes", "No")) | M21: =IF(LEN(L21)=0, "", IF(L21<=F11, "Yes", "No"))
C22: N security high economic consequence | D22: 2 | E22: =IF(LEN(D22)=0, "", IF(D22<=F12, "Yes", "No")) -> Yes | G22: =IF(LEN(F22)=0, "", IF(F22<=F12, "Yes", "No")) | I22: =IF(LEN(H22)=0, "", IF(H22<=F12, "Yes", "No")) | K22: =IF(LEN(J22)=0, "", IF(J22<=F12, "Yes", "No")) | M22: =IF(LEN(L22)=0, "", IF(L22<=F12, "Yes", "No"))
C23: N security material economic consequence | D23: 7 | E23: =IF(LEN(D23)=0, "", IF(D23<=F13, "Yes", "No")) -> Yes | G23: =IF(LEN(F23)=0, "", IF(F23<=F13, "Yes", "No")) | I23: =IF(LEN(H23)=0, "", IF(H23<=F13, "Yes", "No")) | K23: =IF(LEN(J23)=0, "", IF(J23<=F13, "Yes", "No")) | M23: =IF(LEN(L23)=0, "", IF(L23<=F13, "Yes", "No"))
C24: N-1 security generator | D24: 6 | E24: =IF(LEN(D24)=0, "", IF(D24<=F14, "Yes", "No")) -> Yes | G24: =IF(LEN(F24)=0, "", IF(F24<=F14, "Yes", "No")) | I24: =IF(LEN(H24)=0, "", IF(H24<=F14, "Yes", "No")) | K24: =IF(LEN(J24)=0, "", IF(J24<=F14, "Yes", "No")) | M24: =IF(LEN(L24)=0, "", IF(L24<=F14, "Yes", "No"))
C25: N security generator | D25: 12 | E25: =IF(LEN(D25)=0, "", IF(D25<=F15, "Yes", "No")) -> No | G25: =IF(LEN(F25)=0, "", IF(F25<=F15, "Yes", "No")) | I25: =IF(LEN(H25)=0, "", IF(H25<=F15, "Yes", "No")) | K25: =IF(LEN(J25)=0, "", IF(J25<=F15, "Yes", "No")) | M25: =IF(LEN(L25)=0, "", IF(L25<=F15, "Yes", "No"))
B27: Rolling three year compliance
B28: IPP reference: 14.1.2 if it complied with the measure of grid performance GP1 assessment for each of the 2 preceding disclosure years.
B29: Table 14.1.3
C30: Disclosure year | D30: Assessment of compliance
C31: 2026 | D31: =D19 -> Complies
C32: 2025 | D32: Complies
C33: 2024 | D33: Complies
B35: Has Transpower provided all information necessary to demonstrate compliance with GP1? If Transpower has not complied, the reasons for non compliance.
B36: IPP reference: 25.2.3 if Transpower has not complied with any quality standards, disclose: (a) each quality standard that has not been complied with; and (b) the reasons for non-compliance in each case;
C37: For the current Disclosure Year 2025/26, compliance with Quality standard information is specified in above table. GP1 met the IPP Quality Standards. Note: A normalisation application was approved by the Commerce Commission for exclusion in GP1 and GP2. Details of the Normalisation event is provided in 15_Events-AP&AH (Table 15.1.1)
B39: 14.2 - GP2: Average duration of interruption (min)
B40: In Transpower’s regulatory framework, GP2 is a Grid Performance (reliability) measure used under the price‑quality path (IPP) to assess and incentivise restoration performance after outages. GP2 measures the average duration of unplanned interruptions for each point of service sub-category during a disclosure year.
B41: IPP Reference: 16.1 Transpower complies with the GP2 quality standard for a disclosure year: 16.1.1 if it complies with the measure of grid performance GP2 assessment for that disclosure year 17.1 For Transpower to comply with the measure of grid performance GP2 assessment for a disclosure year, the assessed value for 4 or more point of service subcategories must not exceed the quality limit specified for the disclosure year for the point of service sub-category in Table 4.2. 17.2 For each disclosure year, Transpower must calculate an assessed value for each point of service sub-category. 17.3 The assessed value for a point of service sub-category for a disclosure year is the sum of unplanned interruptions that commenced in the disclosure year for the point of service sub-category. 17.4 For the purposes of clause 16.1.2, Transpower has complied with the measure of grid performance GP2 assessment for a disclosure year in RCP3 if it complied with the assessment for that disclosure year in accordance with Part 4 of the RCP3 IPP.
B42: Table 14.2.1
C43: Measure and category | D43: Cap | E43: Target | F43: Collar | G43: Point of service sub-category limits | H43: Incentive rate per event
D44: k | E44: n | F44: j | G44: q | H44: i ($)
C45: N-1 security high economic consequence | D45: 23 | E45: 73 | F45: 123 | G45: 123 | H45: 63173
C46: N-1 security material economic consequence | D46: 27 | E46: 74 | F46: 121 | G46: 121 | H46: 61683
C47: N security high economic consequence | D47: 15 | E47: 66 | F47: 117 | G47: 117 | H47: 7278
C48: N security material economic consequence | D48: 0 | E48: 104 | F48: 208 | G48: 208 | H48: 6113
C49: N-1 security generator | D49: 30 | E49: 225 | F49: 420 | G49: 420 | H49: 1282
C50: N security generator | D50: 0 | E50: 123 | F50: 246 | G50: 246 | H50: 2033
B52: Table 14.2.2 | D52: 2026 | F52: 2027 | H52: 2028 | J52: 2029 | L52: 2030
C53: Measure and category | D53: Assessed value | E53: Complied with Quality Limit | F53: Assessed value | G53: Complied with Quality Limit | H53: Assessed value | I53: Complied with Quality Limit | J53: Assessed value | K53: Complied with Quality Limit | L53: Assessed value | M53: Complied with Quality Limit
C54: Overall compliance with measure | D54: =IF(COUNTIF(E55:E61,"?*")=0, "", IF(COUNTIF(E55:E61, "Yes")>4, "Complies", "Non Compliant")) -> Complies | F54: =IF(COUNTIF(G55:G61,"?*")=0, "", IF(COUNTIF(G55:G61, "Yes")>4, "Complies", "Non Compliant")) | H54: =IF(COUNTIF(I55:I61,"?*")=0, "", IF(COUNTIF(I55:I61, "Yes")>4, "Complies", "Non Compliant")) | J54: =IF(COUNTIF(K55:K61,"?*")=0, "", IF(COUNTIF(K55:K61, "Yes")>4, "Complies", "Non Compliant")) | L54: =IF(COUNTIF(M55:M61,"?*")=0, "", IF(COUNTIF(M55:M61, "Yes")>4, "Complies", "Non Compliant"))
C55: N-1 security high economic consequence | D55: 105 | E55: =IF(LEN(D55)=0, "", IF(D55<=F45, "Yes", "No")) -> Yes | G55: =IF(LEN(F55)=0, "", IF(F55<=H45, "Yes", "No")) | I55: =IF(LEN(H55)=0, "", IF(H55<=J45, "Yes", "No")) | K55: =IF(LEN(J55)=0, "", IF(J55<=L45, "Yes", "No")) | M55: =IF(LEN(L55)=0, "", IF(L55<=#REF!, "Yes", "No"))
C56: N-1 security material economic consequence | D56: 80.777778 | E56: =IF(LEN(D56)=0, "", IF(D56<=F46, "Yes", "No")) -> Yes | G56: =IF(LEN(F56)=0, "", IF(F56<=H46, "Yes", "No")) | I56: =IF(LEN(H56)=0, "", IF(H56<=J46, "Yes", "No")) | K56: =IF(LEN(J56)=0, "", IF(J56<=L46, "Yes", "No")) | M56: =IF(LEN(L56)=0, "", IF(L56<=#REF!, "Yes", "No"))
C57: N security high economic consequence | D57: 90 | E57: =IF(LEN(D57)=0, "", IF(D57<=F47, "Yes", "No")) -> Yes | G57: =IF(LEN(F57)=0, "", IF(F57<=H47, "Yes", "No")) | I57: =IF(LEN(H57)=0, "", IF(H57<=J47, "Yes", "No")) | K57: =IF(LEN(J57)=0, "", IF(J57<=L47, "Yes", "No")) | M57: =IF(LEN(L57)=0, "", IF(L57<=#REF!, "Yes", "No"))
C58: N security material economic consequence | D58: 68.571429 | E58: =IF(LEN(D58)=0, "", IF(D58<=F48, "Yes", "No")) -> Yes | G58: =IF(LEN(F58)=0, "", IF(F58<=H48, "Yes", "No")) | I58: =IF(LEN(H58)=0, "", IF(H58<=J48, "Yes", "No")) | K58: =IF(LEN(J58)=0, "", IF(J58<=L48, "Yes", "No")) | M58: =IF(LEN(L58)=0, "", IF(L58<=#REF!, "Yes", "No"))
C59: N-1 security generator | D59: 84.833333 | E59: =IF(LEN(D59)=0, "", IF(D59<=F49, "Yes", "No")) -> Yes | G59: =IF(LEN(F59)=0, "", IF(F59<=H49, "Yes", "No")) | I59: =IF(LEN(H59)=0, "", IF(H59<=J49, "Yes", "No")) | K59: =IF(LEN(J59)=0, "", IF(J59<=L49, "Yes", "No")) | M59: =IF(LEN(L59)=0, "", IF(L59<=#REF!, "Yes", "No"))
C60: N security generator | D60: 80.083333 | E60: =IF(LEN(D60)=0, "", IF(D60<=F50, "Yes", "No")) -> Yes | G60: =IF(LEN(F60)=0, "", IF(F60<=H50, "Yes", "No")) | I60: =IF(LEN(H60)=0, "", IF(H60<=J50, "Yes", "No")) | K60: =IF(LEN(J60)=0, "", IF(J60<=L50, "Yes", "No")) | M60: =IF(LEN(L60)=0, "", IF(L60<=#REF!, "Yes", "No"))
B62: Rolling three year compliance
B63: IPP reference: 16.1.2 if it complied with the measure of grid performance GP2 assessment for each of the 2 preceding disclosure years.
B64: Table 14.2.3
C65: Disclosure year | D65: Assessment of compliance
C66: 2026 | D66: =D54 -> Complies
C67: 2025 | D67: Complies
C68: 2024 | D68: Complies
B70: Has Transpower provided all information necessary to demonstrate compliance with GP2? If Transpower has not complied, the reasons for non compliance.
B71: IPP reference: 25.2.3 if Transpower has not complied with any quality standards, disclose: (a) each quality standard that has not been complied with; and (b) the reasons for non-compliance in each case;
C72: For the current Disclosure Year 2025/26, compliance with Quality standard information is specified in the above table. GP2 met the IPP Quality Standards. Note: A normalisation application was approved by the Commerce Commission for exclusion in GP1 and GP2. Details of the Normalisation event is provided in 15_Events-AP&AH (Table 15.1.1)
B74: 14.3 - AP1: HVDC availability (%)
B75: AP1 is an asset performance measure that assesses the availability of Transpower’s inter‑island HVDC system. It measures the percentage of time that HVDC transfer capacity is available, taking into account monopole and bipole outages on HVDC Pole 2 and Pole 3
B76: IPP Reference:18.1 To comply with the asset performance measure AP1 quality standard for a disclosure year, the HVDC energy availability for Pole 2 and Pole 3 for that disclosure year must be higher than the AP1 quality standard value in Table 4.3. 18.2 For the purposes of clause 18.1, the HVDC energy availability for Pole 2 and Pole 3for the disclosure year is calculated as a percentage term in accordance with the formula disclosed in the IPP
B77: Table 14.3.1
D78: Cap | E78: Grid output target | F78: Collar | G78: Quality Standard | H78: Incentive rate per event ($ per 1%)
C79: HVDC availability (%) | D79: 0.99 | E79: 0.98 | F79: 0.97 | G79: 0.96 | H79: 1000000
B81: Table 14.3.2 | D81: 2026 | F81: 2027 | H81: 2028 | J81: 2029 | L81: 2030
D82: Assessed value | E82: Complied with Quality Standard | F82: Assessed value | G82: Complied with Quality Standard | H82: Assessed value | I82: Complied with Quality Standard | J82: Assessed value | K82: Complied with Quality Standard | L82: Assessed value | M82: Complied with Quality Standard
C83: HVDC availability (%) | D83: 0.9822 | E83: =IF(LEN(D83)=0, "", IF(D83>=$G79, "Yes", "No")) -> Yes | G83: =IF(LEN(F83)=0, "", IF(F83>=$G79, "Yes", "No")) | I83: =IF(LEN(H83)=0, "", IF(H83>=$G79, "Yes", "No")) | K83: =IF(LEN(J83)=0, "", IF(J83>=$G79, "Yes", "No")) | M83: =IF(LEN(L83)=0, "", IF(L83>=$G79, "Yes", "No"))
B85: Has Transpower provided all information necessary to demonstrate compliance with AP1? If Transpower has not complied, the reasons for non compliance.
B86: IPP reference: 25.2.3 if Transpower has not complied with any quality standards, disclose: (a) each quality standard that has not been complied with; and (b) the reasons for non-compliance in each case;
C87: For the current Disclosure Year 2025/26, compliance with Quality standard information is specified in the above table. AP1 met the IPP Quality Standards. AP1 also met Collar and the Target.
B89: 14.4 - AP2: HVAC availability (%)
B90: AP2 is an asset performance measure that assesses the availability of selected high‑impact HVAC transmission assets. It measures the average percentage of time that a defined set of HVAC assets are available during a disclosure year.
B91: IPP Reference: 19.1 To comply with the asset performance measure AP2 quality standard for a disclosure year, the percentage of the time that the HVAC assets listed in Schedule G are available during that disclosure year must be higher than the AP2 quality standard value in Table 4.3. 19.2 For the purposes of clause 19.1, the percentage of the time that the HVAC assets are available during the disclosure year is calculated as a percentage term in accordance with the formula disclosed in the IPP
B92: Table 14.4.1
D93: Cap | E93: Grid output target | F93: Collar | G93: Quality Standard | H93: Incentive rate per event ($ per 1%)
C94: HVAC availability (%) | D94: 0.9862 | E94: 0.9825 | F94: 0.9787 | G94: 0.9725 | H94: 5320564
B96: Table 14.4.2 | D96: 2026 | F96: 2027 | H96: 2028 | J96: 2029 | L96: 2030
D97: Assessed value | E97: Complied with Quality Standard | F97: Assessed value | G97: Complied with Quality Standard | H97: Assessed value | I97: Complied with Quality Standard | J97: Assessed value | K97: Complied with Quality Standard | L97: Assessed value | M97: Complied with Quality Standard
C98: HVAC availability (%) | D98: 0.985 | E98: =IF(LEN(D98)=0, "", IF(D98>=$G94, "Yes", "No")) -> Yes | G98: =IF(LEN(F98)=0, "", IF(F98>=$G94, "Yes", "No")) | I98: =IF(LEN(H98)=0, "", IF(H98>=$G94, "Yes", "No")) | K98: =IF(LEN(J98)=0, "", IF(J98>=$G94, "Yes", "No")) | M98: =IF(LEN(L98)=0, "", IF(L98>=$G94, "Yes", "No"))
B100: Has Transpower provided all information necessary to demonstrate compliance with AP2? If Transpower has not complied, the reasons for non compliance.
B101: IPP reference: 25.2.3 if Transpower has not complied with any quality standards, disclose: (a) each quality standard that has not been complied with; and (b) the reasons for non-compliance in each case;
C102: For the current Disclosure Year 2025/26, compliance with Quality standard information is specified in the above table. AP2 met the IPP Quality Standards. AP2 also met Collar and the Target.
B104: 14.5 - AH: Asset Health Measure
B105: Transpower assesses the asset health of its assets in accordance with IPP clause 23. To comply with the asset health quality measure, Transpower must comply with the quality measure of four or more asset classes by not exceeding the quality limit disclosed below as per Table 4.4 of the IPP.
B106: IPP reference: 23.1 For Transpower to comply with the AH assessment for a disclosure year, the assessed value for 4 or more asset health measure asset classes must not exceed the quality limit specified for the disclosure year for those asset health measure asset classes in Table 4.4. 23.2 For the purposes of the AH assessment, the following asset health measure asset classes must be weighted by asset criticality: 23.2.1 conductors; 23.2.2 insulators; 23.2.3 power transformers; and 23.2.4 outdoor circuit breakers. 23.3 For each disclosure year, Transpower must calculate an assessed value: 23.3.1 for the conductors asset health measure asset class in accordance with the formula disclosed in the IPP 23.3.2 for every other asset health measure asset class in accordance with the formula disclosed in the IPP 25.2.4(e) for asset health measure AH: assessed values for the disclosure year of each asset health measure asset class in Table 4.4 against the quality standard in clause 22 for that disclosure year; (Assessed Values in Table 14.5.2)
B108: Table 14.5.1 | D108: Quality limits for asset health
C109: Measure and category | D109: 2026 | E109: 2027 | F109: 2028 | G109: 2029 | H109: 2030
C110: Tower grillage foundations | D110: 0.0426 | E110: 0.0351 | F110: 0.039 | G110: 0.0404 | H110: 0.0399
C111: Tower protective coatings | D111: 0.1398 | E111: 0.1589 | F111: 0.1779 | G111: 0.2002 | H111: 0.2209
C112: Insulators | D112: 0.0279 | E112: 0.0314 | F112: 0.0385 | G112: 0.0476 | H112: 0.0598
C113: Conductors | D113: 0.0176 | E113: 0.0197 | F113: 0.0218 | G113: 0.0237 | H113: 0.0261
C114: Protection relays | D114: 0.0756 | E114: 0.0692 | F114: 0.0637 | G114: 0.0812 | H114: 0.0861
C115: Power Transformers | D115: 0.0517 | E115: 0.0915 | F115: 0.1153 | G115: 0.1218 | H115: 0.1335
C116: Outdoor circuit breakers | D116: 0.0124 | E116: 0.0145 | F116: 0.0246 | G116: 0.0319 | H116: 0.0427
...

Sheet Additional Info to the ACS
B4: Information to accompany the Annual Compliance Statement

Sheet 15_Events-AP&AH
B2: Explanatory information about normalisation events and compliance 15. Normalisation events, Asset Performance (AP) outside the collar, Asset Health (AH) compliance
F3: Disclosure Year: | G3: =+'4_RAB'!$E$3 -> 46203
B4: 15.1 - Normalisation Events | G4: Previously Info to Accompany ACS Sheet 1
B5: IPP reference: 21.4 Where the Commission receives a written application from Transpower in accordance with clause 21.3, the Commission must decide whether each interruption or outage that is the subject of that written application is a normalisation event, using the criteria in clause 21.2 and: 21.4.1 publish its decision on the Commission’s website, which describes: (a) any interruption or outage that it has decided is a normalisation event; (b) reasons for why the Commission has reached that decision, based on the criteria in clause 21.2; and (c) which calculations made under clauses 15.3, 17.3, 18.2, and 19.2 the Commission has decided are affected as a result of its decision that the interruption or outage is a normalisation event; and 21.4.2 give, or post notice of, its decision to Transpower.
B6: Table 15.1.1
C7: Events | D7: Description
C8: Edgecumbe–Waiotahe (EDG–WAI) circuit outage | D8: On 12 April 2026 at 12.19 pm, Transpower’s 110 kV Edgecumbe–Waiotahe (EDG–WAI) circuit tripped during severe weather causing a momentary loss of supply before it successfully auto-reclosed. At 12.42 pm it tripped a second time causing loss of supply to Horizon Networks (8 MW) and loss of connection to Lodestone’s Waiotahe solar farm (0.67 MW). The cause of the second trip was later confirmed as a line becoming tangled in trees during the heavy rain and strong winds of Cyclone Vaianu.
B11: 15.2 - Summary of all reports publicly disclosed under clause 28.1 for the disclosure year
B12: IPP Reference:28.1 For each unplanned interruption during a disclosure year which lasts 12 hours or more, Transpower must publicly disclose within 42 working days of the unplanned interruption: 28.1.1 the cause of the unplanned interruption; 28.1.2 the start date and time of the unplanned interruption; 28.1.3 the end date and time of the unplanned interruption; 28.1.4 the megawatts affected by the unplanned interruption; 28.1.5 the grid exit point(s) and grid injection point(s) affected by the unplanned interruption; 28.1.6 actions Transpower took to minimise the effect of the unplanned interruption; and 28.1.7 a description of steps that Transpower proposes to take to mitigate the risk of future unplanned interruptions of this type.
B13: Table 15.2.1
C14: Event | D14: Published report link below
C15: Waiotahe loss of supply | D15: Waiotahe loss of supply - Post-interruption report
B17: 15.3 - Summary of all reports publicly disclosed under clause 28.2 for the disclosure year | G17: Previously Info to Accompany ACS Sheet 6
B18: IPP Reference: 28.2 For each unplanned interruption during a disclosure year over one system minute, Transpower must publicly disclose within 42 working days of the unplanned interruption: 28.2.1 the cause of the unplanned interruption; 28.2.2 the start date and time of the unplanned interruption; 28.2.3 the end date and time of the unplanned interruption; 28.2.4 the megawatts affected by the unplanned interruption; 28.2.5 the grid exit point(s) and grid injection point(s) affected by the unplanned interruption; 28.2.6 actions Transpower took to minimise the effect of the unplanned interruption; and 28.2.7 a description of steps that Transpower proposes to take to mitigate the risk of future unplanned interruptions of this type.
B19: Table 15.3.1
C20: Event | D20: Published report link below
C21: Hawke's Bay loss of supply | D21: Hawke's Bay loss of supply - Post-Interruption Report
C22: Upper South Island loss of supply | D22: Upper South Island loss of supply - Post-Interruption Report
C23: Waiotahe loss of supply | D23: Waiotahe loss of supply - Post-interruption report
B25: ="Transpower's information to accompany the Annual Compliance Statement for the year ending " & TEXT('Directors Certificate'!$K$3,"dd mmmm yyyy") -> Transpower's information to accompany the Annual Compliance Statement for the year ending 30 June 2026

Sheet 16_CustomerMeasures
B2: Information to accompany the Annual Compliance Statement 16. Customer Measures
G3: Disclosure Year: | H3: =+'4_RAB'!$E$3 -> 46203 | K3: Transpower-Individual-Price-Quality-Path-Determination-2025.pdf
B4: 16.1 - CS1: Customer satisfaction measure
B5: IPP Reference: 27.1.5 for performance measure CS1, which measures customers' satisfaction with Transpower's engagement and consultation. CS1 quantifies, as a percentage, the number of customers who report they are satisfied and the number of customers who report they are dissatisfied with the way Transpower engages and consults with customers, and meets their expectations, as indicated in the annual survey of Transpower’s customers;
B6: Table 16.1.1
C7: Disclosure Year | D7: 2026 | E7: 2027 | F7: 2028 | G7: 2029 | H7: 2030
C8: Percentage of customers who report they are satisfied | D8: 0.8
C9: Percentage of customers who report they are dissatisfied | D9: 0.11
B11: Summary observations from the annual survey of Transpower's customers:
C12: Sample n=77; accuracy = +/-11%
B14: 16.2 - CS2: Customer service measure
B15: Note: Per IPP Clause 27.2, if Transpower considers on reasonable grounds that any information required under clause 27.1.6(a) to (c) is commercially sensitive information of a customer, Transpower may anonymise, aggregate, or (as a last resort) omit the customer’s information in the information publicly disclosed under clause 27.1 to the extent necessary to maintain the confidentiality of the customer’s information. If this is the case, per clause 27.3, Transpower will provide this information directly to the Commission.
B16: IPP Reference: 27.1.6 for performance measure CS2, which measures Transpower’s responsiveness in relation to new and enhanced grid connections. The information to be disclosed for CS2 is: (a) the following information relating to enquiries received for new and enhanced grid connections in the disclosure year: (i) number of connection enquiries; and (ii) average time, minimum time, and maximum time in days taken to start investigation of connections or to formally decline to investigate;
B17: Table 16.2.1
C18: (a) Enquiries received for new and enhanced grid connections in the disclosure year: | D18: 2026 | E18: 2027 | F18: 2028 | G18: 2029 | H18: 2030
C19: Started during the year:
C20: (i) Number of connection enquiries | D20: 105
C21: (ii) Average time taken in days to start investigation of connections or to formally decline to investigate | D21: 121
C22: (ii) Minium time taken in days to start investigation of connections or to formally decline to investigate | D22: 121
C23: (ii) Maximum time taken in days to start investigation of connections or to formally decline to investigate | D23: 121
C26: Comments: We started 29 investigations in FY2026, of which 28 related to enquiries received in prior years - in FY2026, only one project proceeded from initial enquiry to investigation within the year, so the measures A2, A3 and A4 have a sample size of one. The 29 investigations were started on average 521 days after the initial enquiry. Noting that Transpower has no control of the project between enquiry and application, but we do between application and investigation, we believe a better measure of Transpower's responsiveness is the time taken from application to investigtion. The 29 investigations were started on average 327 days after the confirmed application. Cells marked "?" are not part of the CS2 data set defined in the IPP Determination.
B28: IPP Reference: 27.1.6 for performance measure CS2, which measures Transpower’s responsiveness in relation to new and enhanced grid connections. The information to be disclosed for CS2 is: (b) the following information relating to investigations of new and enhanced grid connections started in the disclosure year: (i) number of investigations started; (ii) average time in days to deliver concept assessment; and (iii) number and percentage of investigations that were delivered within the contracted time;
B29: Table 16.2.2
C30: (b) Enquiries received for new and enhanced grid connections in the disclosure year: | D30: 2026 | E30: 2027 | F30: 2028 | G30: 2029 | H30: 2030
C31: (i) Number of investigations started | D31: 29
C32: (ii) Average time in days to deliver concept assessment | D32: 44
C33: (iii) Number of investigations that were delivered within the contracted time | D33: Not reported
C34: (iii) Percentage of investigations that were delivered within the contracted time | D34: Not reported
C36: Comments: We will start reporting the two measures marked as "Not reported" from FY2027, for projects with an agreed Solution Proposal. For these projects, the time taken to deliver the investigation after the Solution Proposal is agreed is a clear measure of Transpower's responsiveness. This is a recent process improvement - no such projects have yet been completed so data is not yet available.
B38: IPP Reference: 27.1.6 for performance measure CS2, which measures Transpower’s responsiveness in relation to new and enhanced grid connections. The information to be disclosed for CS2 is: (c) the following information relating to commissioning of new and enhanced grid connections in the disclosure year: (i) number of connections commissioned; (ii) total value in dollars of connections commissioned; (iii) for all load connections, median time and mean time in days from the date of entering a Transpower Works Agreement to the date the connection is commissioned; (iv) for all generation and storage connections, median time and mean time in days from the date of entering a Transpower Works Agreement to the date the connection is commissioned; (v) number and percentage of connections delivered within the contracted time; (vi) for all connections for which the final commissioned cost exceeds the contracted project cost, the number of projects, and the average percentage overrun; (vii) for all connections for which the final commissioned cost is equal to or less than the contracted project cost, the number of projects, and the average percentage underrun.
B39: Table 16.2.3
C40: (c) Enquiries received for new and enhanced grid connections in the disclosure year: | D40: 2026 | E40: 2027 | F40: 2028 | G40: 2029 | H40: 2030
C41: (i) Number of connections commissioned | D41: 17
C42: (ii) Total value in dollars of connections commissioned | D42: 30611481
C43: (iii) Load Connections - Median time taken in days from the date entering a TWA to the date the connection is commissioned | D43: 351
C44: (iii) Load Connections - Mean time taken in days from the date entering a TWA to the date the connection is commissioned | D44: 387
C45: (iv) Generation and Storage - Median time taken in days from the date entering a TWA to the date the connection is commissioned | D45: 460
C46: (iv) Generation and Storage - Mean time taken in days from the date entering a TWA to the date the connection is commissioned | D46: 362
C47: (v) Number of connections delivered within the contracted time | D47: 14
C48: (v) Percentage of connections delivered within the contracted time | D48: 0.82
C49: (vi) All Connections - commissioned cost exceeds the contracted project cost | D49: 1
C50: (vi) All Connections - average percentage overrun where it exceeds the contracted project cost | D50: 0.14
C51: (vii) All Connections - commissioned cost is equal to or less than the contracted project cost | D51: 15
C52: (vii) All Connections - average percentage underrun which is equal to or less than the contracted project cost | D52: 0.23
C54: Comments: The number of connections commissioned includes one project where the connection has been commissioned but the project has not yet completed (so the final costs are not yet known). Times taken are measured to the date the connection is commissioned. The contracted time is that set out in the investment contract or as subsequently agreed with the customer in accordance with the terms of the contract. The customer pays actual costs. There can be a time lag between the connection commissioning and project completion (at which point final costs are known). Cells marked "?" are not part of the CS2 data set defined in the IPP Determination.
B56: =+'15_Events-AP&AH'!B25 -> Transpower's information to accompany the Annual Compliance Statement for the year ending 30 June 2026

Sheet 17_QualityStandards-AddInfo
B2: Information to accompany the Annual Compliance Statement 17. Quality Standards Additional Information
I3: Disclosure Year: | J3: =+'4_RAB'!$E$3 -> 46203
B5: 17.1 - AP1.2: Asset performance measure
B6: IPP reference: 27.1.4 for asset performance measure AP1.2, which measures the HVDC link’s operational capacity during the disclosure year, calculated as the percentage available operating capacity limit against the maximum capacity of the HVDC link. The operational capacity limit is calculated in line with Transpower’s policies and reflects the HVDC operational capacity information provided to the market via the system known, in the code, as WITS
B7: Table 17.1.1
C8: HVDC operational Capacity availability (South to North) | D8: HVDC operational Capacity availability (North to South)
C9: 0.7757 | D9: 0.7953
B11: 17.2 - AP3: Asset performance measure
B12: IPP Reference: 27.1.1 for asset performance measure AP3, which measures the extent to which Transpower meets planned return to service times for planned outages of the HVAC assets set out in Schedule G, those assets in Schedule G that are returned to service two or more hours after Transpower’s planned return to service time, including: (a) when this has occurred; (b) the known or estimated impact on affected parties, if applicable; and (c) the steps Transpower took to inform affected parties and the market;
B13: Table 17.2.1
C14: Outage Block | D14: Removed Asset | E14: Removed Circuit Section (if applicable) | F14: Outage Start Date | G14: Outage End Date | H14: Planned Finish before Release | I14: the known or estimated impact on affected parties, if applicable | J14: the steps Transpower took to inform affected parties and the market
C15: TKU_WKM_2 | D15: TKU-WKM-2 | F15: 46169.648 | G15: 46169.88 | H15: 46169.771 | I15: Longer duration on reduced security. | J15: Market informed through CTO processes.
C16: BPE_TKU_2 | D16: BPE-TKU-2 | F16: 46090.314 | G16: 46169.532 | H16: 46160.771 | I16: Longer duration on reduced security. | J16: Market informed through CTO processes.
C17: TKU_WKM_2 | D17: TKU-WKM-2 | F17: 46034.325 | G17: 46163.656 | H17: 46157.771 | I17: Longer duration on reduced security. | J17: Market informed through CTO processes.
C18: HAM_KPO_1 | D18: HAM-KPO-1 | F18: 46112.383 | G18: 46112.763 | H18: 46112.667 | I18: Longer duration on reduced security. | J18: Market informed through CTO processes.
C19: HAM_WKM_1 | D19: HAM-WKM-1 | F19: 46069.383 | G19: 46075.56 | H19: 46074.771 | I19: Longer duration on reduced security. | J19: Market informed through CTO processes.
C20: FHL_RDF_1 | D20: FHL-RDF-1 | F20: 46035.298 | G20: 46037.801 | H20: 46036.729 | I20: Longer duration on reduced security. | J20: Market informed through CTO processes.
C21: TMN_TWH_1 | D21: TMN-TWH-1 | F21: 45958.492 | G21: 45962.782 | H21: 45961.771 | I21: Longer duration on reduced security. | J21: Market informed through CTO processes.
C22: CYD_ROX_2 | D22: CYD-ROX-2 | F22: 45946.324 | G22: 45946.867 | H22: 45947.771 | I22: Longer duration on reduced security. | J22: Market informed through CTO processes.
C23: ISL_KIK_1 | D23: ISL-KIK-1 | F23: 45887.304 | G23: 45892.678 | H23: 45891.771 | I23: Longer duration on reduced security. | J23: Market informed through CTO processes and SO.
B25: Table 17.2.2
C26: Outages count | D26: 9 out of 146 Planned Outages
C27: Outages percentage | D27: 0.0616
B29: 17.3 - AP4: Asset performance measure
B30: IPP Reference: 27.1.2 for asset performance measure AP4, which measures the extent to which Transpower communicates delays to affected parties of planned outage return to service times of the HVAC assets set out in Schedule G, the percentage of outages that Transpower gives 1.5 hours or less notice to the market in the event assets are going to be returned to service later than: (a) the original planned return to service time; or (b) the extended return to service time
B31: Table 17.3.1
C32: Outages count | D32: 14 out of 146 Planned Outages
C33: Outages percentage | D33: 0.0959
B35: 17.4 - GP4: Grid performance measure
B36: IPP Reference: 27.1.3 for measure of grid performance GP4, which measures the extent to which energy demand is not supplied due to interruptions or outages, the percentage of total energy demand that was not supplied due to interruptions or outages in the disclosure year. GP4 is calculated by dividing the amount (in MWh) of energy not served due to interruptions or outages by the amount (in MWh) of total energy demand (being the sum of the amount of energy served and the amount of energy not served due to interruptions or outages) in relation to each of the following point of service sub-categories: (a) GP4A: “N-1 security high economic consequence”; (b) GP4B: “N-1 security material economic consequence”; (c) GP4C: “N security high economic consequence”; and (d) GP4D: “N security material economic consequence”;
B37: Table 17.4.1 | E37: DY2026
C38: Measure and category | E38: Assessed value
C39: N-1 security high economic consequence | E39: 7.4373169e-06
C40: N-1 security material economic consequence | E40: 9.6960556e-06
C41: N security high economic consequence | E41: 3.3010164e-07
C42: N security material economic consequence | E42: 5.2770173e-06
B44: 17.5 - Asset performance measure AP1 if outside of the collar value
B45: IPP reference: 30.2 Where asset performance measure AP1, as calculated in accordance with clause 18.2, is outside of the collar value specified in Table 4.3, Transpower must publicly disclose at the same time as its annual compliance statement: 30.2.1 reasons, including whether the reasons are unknown, for asset performance measure AP1 going outside of the collar, and including any significant impact on the market (for example, the effect on market price or grid congestion); 30.2.2 actions Transpower has taken to minimise the effect of the events described in clause 30.2.1; and 30.2.3 a description of steps that Transpower proposes to take to mitigate the risk of going outside of the collar in the future.
B46: Table 17.5.1
C47: Events | D47: Reasons for AP1 going below the collar | H47: Transpower's actions to minimise the effect of the events
C48: Not applicable as the AP1 was better than Collar value
B51: 17.6 - Asset performance measure AP2 if outside of the collar value
B52: IPP reference: 30.3 Where asset performance measure AP2, as calculated in accordance with clause 19.2, is outside of the collar value specified in Table 4.3, Transpower must publicly disclose at the same time as its annual compliance statement: 30.3.1 the events that caused asset performance measure AP2 to go below the collar; 30.3.2 reasons, including whether the reasons are unknown, for asset performance measure AP2 going below the collar; 30.3.3 actions Transpower has taken to minimise the effect of the events described in clause 30.3.1; and 30.3.4 a description of steps that Transpower proposes to take to mitigate the risk of going below the collar in the future.
B53: The planned outages that primarily caused AP2 to be outside the collar value: Outages associated with the PAK-WKM-2 cable joint replacement work. Details are described in the table below. We consider this outage meet our definition of an exceptional event and have informed Commerce Commission accordingly. Tab 8.1 of the Annual Compliance Statement workbook shows Transpower's performance against the quality standards (including the exceptional events).
B54: Table 17.6.1
C55: Events | D55: Reasons for AP2 going below the collar | H55: Transpower's actions to minimise the effect of the events
C56: Not applicable as the AP2 was better than Collar value
B58: To mitigate the risk of going below the AP2 collar in the future, we have established an AP2 governance and management approach. This framework provides for oversight and key decision making in relation to AP2.
B60: 17.7 - If not complied with the asset health measure AH quality standard for an asset health measure asset class
B61: IPP reference: 30.4 Where Transpower has not complied with the asset health measure AH quality standard for an asset health measure asset class, as specified in clause 22, it must publicly disclose at the same time as its annual compliance statement: 30.4.1 reasons for not meeting the quality standard, and supporting evidence for those reasons; and 30.4.2 steps that have been put in place by Transpower to prevent future non-compliance with the quality standard.
C63: Not Applicable as Asset Health has complied with Quality Standard per tab 14
B64: Table 17.7.1
C65: Asset class | D65: Reasons | H65: Steps
D66: Not Applicable as Disclosure Year 2025/26 do not have a quality standard
B68: =+'16_CustomerMeasures'!B56 -> Transpower's information to accompany the Annual Compliance Statement for the year ending 30 June 2026
